 Dungeon Crawl Stone Soup version 0.31-a0-133-gaae73658be (webtiles) character file.

Game seed: 4742833387848157049

1405206 holysushi the Intangible (level 27, -26/224 HPs)
             Began as an Octopode Hunter on May 31, 2023.
             Was an Initiate of Gozag.
             Killed from afar by Aveeferakh the pandemonium lord (74 damage)
             ... with an orb of electricity
             ... on level 26 of a ziggurat on June 2, 2023.
             The game lasted 04:15:10 (133566 turns).

holysushi the Intangible (Octopode Hunter)        Turns: 133566, Time: 04:15:11

Health: -26/224    AC:  8    Str: 16    XL:     27
Magic:  53/59      EV: 83    Int: 21    God:    Gozag
Gold:   8587       SH:  0    Dex: 57    Spells: 33/80 levels left

rFire   + . .        H - +8 storm bow {elec, penet}
rCold   + + .        (shield currently unavailable)
rNeg    + + +        c - +1 hat "Xuacen" {Str+4 Dex+4}
rPois   ∞            D - amulet of Vitality {RegenMP++ Regen++}
rElec   .            L - ring "Lasch" {Fly Int+4 Slay+5 Stlth+}
rCorr   +            j - ring "Zingael" {rF+ rCorr}
SInv    .            P - ring of the Hare {EV+10}
Will    ++++.        E - +6 ring of dexterity Stlth ******++++
                     U - +6 ring of dexterity
HPRegen 2.17/turn    S - +6 ring of dexterity
MPRegen 1.16/turn    y - ring of Itogeho {rPois rN+ Dex+6 Slay+2 Stlth+}
                     o - ring of Jome {rN+ Will+ Int+4 Dex+3 Stlth+}

%: no passive effects
@: lich-form, death channelling, gold aura, flying, studying 6 skills, unable to
drink
A: draining attack, torment immunity, no potions, almost no armour, amphibious,
8 rings, camouflage 1, gelatinous body 1, (nimble swimmer 1), tentacles, cold
resistance 1, high MP 1, wild magic 1, inability to drink after injury 2
}: 15/15 runes: serpentine, barnacled, slimy, silver, golden, iron, obsidian,
icy, bone, abyssal, demonic, glowing, magical, fiery, dark
a: End Transformation, Renounce Religion, Potion Petition, Call Merchant, Bribe
Branch


You were on level 26 of a ziggurat.
You worshipped Gozag.
Gozag was greatly pleased with you.
You were an undead lich.
You visited 18 branches of the dungeon, and saw 88 of its levels.
You visited Pandemonium 2 times, and saw 14 of its levels.
You visited the Abyss 5 times.
You visited 1 ziggurat, and saw 26 of its levels.
You also visited: Sewer, Ossuary and Ice Cave.

You collected 68082 gold pieces.
You spent 14162 gold pieces at shops.
You paid 45333 gold pieces to Gozag.

Inventory:

Hand Weapons
 b - the +13 sceptre of Asmodeus
   (You took it off Asmodeus on level 7 of Gehenna)

   Fire Summon: It may summon demons of flame and damnation when striking foes.
 H - the +8 storm bow (weapon) {elec, penet}
   (You found it on level 23 of a ziggurat)
 K - the +8 longbow of Division {antimagic, Drain rC++ Dex+4}
   (You acquired it on level 3 of the Elven Halls)

   Dex:       It affects your dexterity (+4).
   rC:        It greatly protects you from cold.
   Drain:     It drains your maximum health when unequipped.
Missiles
 d - 3 throwing nets
Armour
 c - the +1 hat "Xuacen" (worn) {Str+4 Dex+4}
   (You acquired it in Pandemonium)

   Str:       It affects your strength (+4).
   Dex:       It affects your dexterity (+4).
Jewellery
 j - the ring "Zingael" (right tentacle) {rF+ rCorr}
   (You found it in Pandemonium)

   [ring of resist corrosion]

   rF:        It protects you from fire.
   rCorr:     It protects you from acid and corrosion.
 o - the ring of Jome (on tentacle) {rN+ Will+ Int+4 Dex+3 Stlth+}
   (You found it on level 19 of a ziggurat)

   [ring of positive energy]

   Int:       It affects your intelligence (+4).
   Dex:       It affects your dexterity (+3).
   rN:        It protects you from negative energy.
   Will:      It increases your willpower.
   Stlth:     It makes you more stealthy.
 y - the ring of Itogeho (on tentacle) {rPois rN+ Dex+6 Slay+2 Stlth+}
   (You found it on level 19 of a ziggurat)

   [ring of dexterity]

   Dex:       It affects your dexterity (+6).
   Slay:      It affects your accuracy & damage with ranged weapons and melee
   (+2).
   rPois:     It protects you from poison.
   rN:        It protects you from negative energy.
   Stlth:     It makes you more stealthy.
 D - the amulet of Vitality (around mantle) {RegenMP++ Regen++}
   (You found it on level 3 of the Elven Halls)

   [amulet of magic regeneration]

   It increases your rate of magic regeneration.
   Regen:     It increases your rate of health regeneration.
 E - a +6 ring of dexterity (on tentacle)
 F - the dreamshard necklace {Acrobat *Dream}
   (You found it on level 22 of a ziggurat)

   [amulet of the acrobat]

   *Dream:    It absorbs a single lethal wound into itself, holding its wearer
   just short of death and releasing dream-creatures to guard them.
   It increases your evasion while moving and waiting.
 L - the ring "Lasch" (left tentacle) {Fly Int+4 Slay+5 Stlth+}
   (You found it in Pandemonium)

   [ring of flight]

   Int:       It affects your intelligence (+4).
   Slay:      It affects your accuracy & damage with ranged weapons and melee
   (+5).
   Fly:       It grants you flight.
   Stlth:     It makes you more stealthy.
 N - the amulet of the Air {Inacc Air Fly rElec RMsl}
   (You found it on level 8 of a ziggurat)

   [amulet of nothing]

   Inacc:     It reduces the accuracy of your attacks and spells.
   Air:       It enhances your air magic.
   rElec:     It insulates you from electricity.
   Fly:       It grants you flight.
   RMsl:      It protects you from missiles.
 P - the ring of the Hare (on tentacle) {EV+10}
   (You found it on level 23 of a ziggurat)

   [ring of evasion]

   EV:        It affects your evasion (+10).
 S - a +6 ring of dexterity (on tentacle)
 T - the ring of the Tortoise {AC+8}
   (You bought it in a shop on level 5 of the Vaults)

   [ring of protection]

   AC:        It affects your AC (+8).
 U - a +6 ring of dexterity (on tentacle)
Wands
 k - a wand of quicksilver (90)
 J - a wand of digging (48)
 Y - a wand of roots (133)
Scrolls
 f - 23 scrolls of teleportation
 g - 18 scrolls of enchant armour
 p - 18 scrolls of immolation
 s - 11 scrolls of enchant weapon
 t - 4 scrolls of fear
 w - 15 scrolls of vulnerability
 x - 17 scrolls of magic mapping
 R - 4 scrolls of blinking
 V - 2 scrolls of butterflies
 X - 14 scrolls of fog
Potions
 e - 5 potions of cancellation
 h - 36 potions of curing
 m - 16 potions of enlightenment
 n - a potion of resistance
 q - 11 potions of might
 r - 8 potions of ambrosia
 u - a potion of experience
 v - 23 potions of mutation
 z - 14 potions of attraction
 A - 11 potions of berserk rage
 B - 13 potions of lignification
 C - 9 potions of brilliance
 G - 5 potions of haste
 W - 11 potions of heal wounds
 Z - 3 potions of invisibility
Miscellaneous
 a - a figurine of a ziggurat
 i - a condenser vane
 l - the horn of Geryon
 I - a box of beasts
 M - a phial of floods
 O - a lightning rod (4/4)
 Q - a phantom mirror


   Skills:
 O Level 27 Fighting
 O Level 27 Ranged Weapons
 O Level 27 Dodging
 O Level 27 Stealth
 O Level 27 Spellcasting
 - Level 6.0 Hexes
 - Level 24.0 Necromancy
 - Level 10.0 Translocations
 - Level 15.0 Transmutations
 + Level 19.9 Fire Magic
 O Level 27 Earth Magic
 O Level 27 Evocations


You had 33 spell levels left.
You knew the following spells:

 Your Spells              Type           Power      Damage    Failure   Level
a - Portal Projectile     Hex/Tloc       100%       N/A       1%          3
b - Dispel Undead         Necr           100%       3d31      1%          4
c - Borgnjor's Vile Clut  Necr/Erth      66%        N/A       1%          5
d - Death Channel         Necr           64%        N/A       1%          6
e - Necromutation         Tmut/Necr      60%        N/A       4%          8
f - Vampiric Draining     Necr           100%       2d13      1%          3
g - Shatter               Erth           55%        3d42*     3%          9
h - Ignition              Fire           49%        3d14      3%          8
z - Apportation           Tloc           100%       N/A       1%          1

Your spell library contained the following spells:

 Spells                   Type           Power      Damage    Failure   Level
 Beastly Appendage        Tmut           100%       N/A       1%          1
 Kiss of Death            Conj/Necr      100%       2d13      1%          1
 Necrotise                Necr           100%       1d9       1%          1
 Sandblast                Erth           100%       2d20      1%          1
 Sting                    Tmut/Pois      100%       1d8       1%          1
 Blink                    Tloc           100%       N/A       1%          2
 Cigotuvi's Dreadful Rot  Necr/Pois/Air  100%       N/A       1%          2
 Ensorcelled Hibernation  Hex/Ice        100%       N/A       1%          2
 Lesser Beckoning         Tloc           100%       N/A       1%          2
 Momentum Strike          Conj/Tloc      100%       3d10      1%          2
 Passwall                 Tmut/Erth      83%        N/A       1%          2
 Scorch                   Fire           100%       2d9       1%          2
 Sublimation of Blood     Necr           100%       N/A       1%          2
 Wereblood                Tmut           87%        N/A       1%          2
 Confusing Touch          Hex            62%        N/A       1%          3
 Gell's Gravitas          Tloc           75%        N/A       1%          3
 Ignite Poison            Fire/Tmut/Pois 79%        N/A       1%          3
 Inner Flame              Hex/Fire       82%        N/A       1%          3
 Spider Form              Tmut/Pois      67%        N/A       1%          3
 Stone Arrow              Conj/Erth      100%       3d13      1%          3
 Teleport Other           Tloc           75%        N/A       1%          3
 Tukima's Dance           Hex            62%        N/A       1%          3
 Vhi's Electric Charge    Tloc/Air       100%       N/A       1%          3
 Volatile Blastmotes      Fire/Tloc      100%       2d18      1%          3
 Anguish                  Hex/Necr       54%        N/A       1%          4
 Cause Fear               Hex            31%        N/A       1%          4
 Flame Wave               Conj/Fire      74%        2d16      1%          4
 Ice Form                 Ice/Tmut       67%        N/A       1%          4
 Leda's Liquefaction      Hex/Erth       45%        N/A       1%          4
 Manifold Assault         Tloc           75%        N/A       1%          4
 Passage of Golubria      Tloc           75%        N/A       1%          4
 Petrify                  Tmut/Erth      100%       N/A       1%          4
 Sticky Flame             Conj/Fire      74%        2d9       1%          4
 Agony                    Necr           100%       N/A       1%          5
 Blade Hands              Tmut           43%        N/A       1%          5
 Fireball                 Conj/Fire      37%        3d15      1%          5
 Lee's Rapid Deconstruct  Erth           55%        3d26*     1%          5
 Yara's Violent Unravell  Hex/Tmut       38%        3d15      1%          5
 Leda's Unmaking          Conj/Erth      42%        9d7       1%          6
 Statue Form              Tmut/Erth      66%        N/A       1%          6
 Borgnjor's Revivificati  Necr           64%        N/A       1%          8
 Freeze                   Ice            100%       1d10      2%          1
 Shock                    Conj/Air       100%       1d9       2%          1
 Summon Small Mammal      Summ           100%       N/A       2%          1
 Dazzling Flash           Conj/Hex       100%       N/A       2%          3
 Summon Guardian Golem    Hex/Summ       52%        N/A       2%          3
 Iskenderun's Mystic Bla  Conj/Tloc      59%        2d12      2%          4
 Alistair's Intoxication  Tmut/Pois      44%        N/A       2%          5
 Irradiate                Conj/Tmut      33%        3d22      2%          5
 Call Imp                 Summ           72%        N/A       3%          2
 Poisonous Vapours        Pois/Air       72%        N/A       3%          2
 Searing Ray              Conj           72%        2d7       3%          2
 Dragon Form              Tmut           43%        N/A       3%          7
 Dispersal                Tloc           37%        N/A       4%          6
 Call Canine Familiar     Summ           36%        N/A       5%          3
 Frozen Ramparts          Ice            72%        1d11      5%          3
 Hailstorm                Conj/Ice       36%        3d9       5%          3
 Mephitic Cloud           Conj/Pois/Air  36%        N/A       5%          3
 Ozocubu's Armour         Ice            36%        N/A       5%          3
 Swiftness                Air            36%        N/A       5%          3
 Fulminant Prism          Conj/Hex       26%        3d14      5%          4
 Plasma Beam              Fire/Air       37%        2x1d50    5%          6
 Starburst                Conj/Fire      37%        6d11      5%          6
 Summon Forest            Summ/Tloc      29%        N/A       7%          5
 Death's Door             Necr           64%        N/A       10%         9
 Eringya's Noxious Bog    Tmut/Pois      33%        N/A       12%         6
 Metabolic Englaciation   Hex/Ice        26%        N/A       13%         5
 Silence                  Hex/Air        26%        N/A       13%         5
 Summon Mana Viper        Hex/Summ       52%        N/A       13%         5
 Airstrike                Air            18%        2d(3-19)  16%         4
 Olgreb's Toxic Radiance  Pois           36%        N/A       16%         4
 Summon Ice Beast         Ice/Summ       36%        N/A       16%         4
 Summon Lightning Spire   Summ/Air       36%        N/A       16%         4
 Lehudib's Crystal Spear  Conj/Erth      42%        10d10     36%         8
 Arcjolt                  Conj/Air       18%        1d28      38%         5
 Freezing Cloud           Conj/Ice/Air   18%        6-21      38%         5
 Iskenderun's Battlesphe  Conj           36%        2d9       38%         5
 Storm Form               Tmut/Air       33%        N/A       50%         7
 Enfeeble                 Hex            31%        N/A       71%         7
 Malign Gateway           Summ/Tloc      29%        N/A       83%         7
 Conjure Ball Lightning   Conj/Air       18%        3x3d6     90%         6
 Summon Cactus Giant      Summ           18%        N/A       90%         6
 Monstrous Menagerie      Summ           18%        N/A       100%        7
 Orb of Destruction       Conj           18%        9d8       100%        7
 Spellforged Servitor     Conj/Summ      18%        N/A       100%        7
 Summon Hydra             Summ           18%        N/A       100%        7
 Discord                  Hex            31%        N/A       100%        8
 Summon Horrible Things   Summ           18%        N/A       100%        8
 Chain Lightning          Conj/Air       18%        3d24      100%        9
 Dragon's Call            Summ           18%        N/A       100%        9
 Fire Storm               Conj/Fire      37%        8d9       100%        9
 Animate Armour           Summ/Erth      Unusable   N/A       N/A         4
 Animate Dead             Necr           Unusable   N/A       N/A         4
 Simulacrum               Ice/Necr       Unusable   N/A       N/A         6

Dungeon Overview and Level Annotations

Branches:
Dungeon (15/15) Zot: 19706  Temple (1/1) D:6 Zot: 5940    Lair (5/5) D:9 Zot: 17847
 Shoals (4/4) Lair:2 Zot: 17649   Snake (4/4) Lair:2 Zot: 15315   Slime (5/5) Lair:5 Zot: 23862
    Orc (2/2) D:9 Zot: 7050     Elf (3/3) Orc:2 Zot: 7654  Vaults (5/5) D:13 Zot: 22127
  Crypt (3/3) Vaults:3 Zot: 14269    Tomb (3/3) Crypt:3 Zot: 14980  Depths (4/4) D:15 Zot: 17944
   Hell (visited)             Dis (7/7) Hell Zot: 25793     Geh (7/7) Hell Zot: 25793
    Coc (7/7) Hell Zot: 25793     Tar (7/7) Hell Zot: 25793     Zot (5/5) Depths:4 Zot: 24856
  Sewer (visited)         Ossuary (visited)           IceCv (visited)

Altars:
Ashenzari
Cheibriados
Dithmenos
Elyvilon
Fedhas
Gozag
Hepliaklqana
Kikubaaqudgha
Makhleb
Nemelex Xobeh
Okawaru
Qazlal
Ru
Sif Muna
Trog
Uskayaw
Wu Jian
Xom
Yredelemnul
Zin
The Shining One
Lugonu

Shops:
D:3 (   D:9 ([:   D:10 !**   D:12 (   D:14 *   Orc:2 (([[(   Elf:1 ?
Elf:3 ((:   Lair:2 (   Lair:4 (   Lair:5 (   Shoals:2 =   Snake:1 :[
Vaults:2 [   Vaults:3 [   Vaults:4 ?   Vaults:5 =   Crypt:2 (   Hell [(
Zot:2 *   Zot:5 ?   Depths:1 *?==:?:(   Depths:2 (   Depths:3 *

Portals:
Hell: Depths:1 Depths:2 Depths:3 Depths:4
Abyss: Lair:5 Depths:1 Depths:2 Depths:3
Pandemonium: Depths:1 Depths:2

Annotations:
D:4 2 runed translucent doors, abessonov's ghost, amateur MiFi
D:7 2 transporters, 1 exclusion, ZoeForever1's ghost, novice DEAE
D:10 3 runed translucent doors, bakla's ghost, novice MiFi
D:15 Azrael; Jorgrun
Temple 2 transporters
Shoals:2 Roxanne
Orc:2 1 runed translucent door, Pooter's ghost, journeyman MiBe


Innate Abilities, Weirdness & Mutations

You are an undead lich.
Your unarmed attacks are suffused with negative energy.
You are immune to unholy pain and torment.
Your necromantic spells are more powerful.
You cannot drink.
You are immune to poison.
You cannot wear most types of armour.
You are amphibious.
You can wear up to eight rings at the same time.
Your skin changes colour to match your surroundings (Stealth+).
Your rubbery body absorbs attacks. (AC +1, EV +1)
((You are camouflaged when in or above water. (Stealth+)))
You have tentacles for arms and can constrict up to eight enemies at once.
Your flesh is cold resistant. (rC+)
You have an increased reservoir of magic. (+10% MP)
Your spells are a little harder to cast, but a little more powerful.
You sometimes lose the ability to drink potions when taking damage.


Message History

The Brimstone Fiend hits your spectral hellion but does no damage.
The Ice Fiend claws your spectral hellion!!
The Ice Fiend freezes your spectral hellion!!
Your spectral hellion resists.
Your spectral hellion is destroyed!
The green death is distracted by your dazzling golden aura.
The Tzitzimitl is distracted by your dazzling golden aura.
The cacodemon is distracted by your dazzling golden aura.
The sixfirhy hits your spectral Executioner but does no damage.
A demonspawn corrupter comes into view. It is wielding a +0 glaive.
The Tzitzimitl roars!
The green death roars!
The cacodemon shouts!
Blink to where?
Press: ? - help, Dir - move target
Okay, then.
Press: ? - help, v - describe, . - travel The floor.
Blink to where?
Press: ? - help, Dir - move target
As you read the scroll of blinking, it crumbles to dust.
Aveeferakh gestures at you.
The orb of electricity explodes!
The orb of electricity engulfs your spectral demonspawn blood saint!!!
Your spectral demonspawn blood saint is destroyed!
The orb of electricity engulfs Aveeferakh!
Aveeferakh resists.
You hear a shout!
You cannot drink potions in your current state!
Unknown command. [a] - 450 gold - heal wounds, curing and haste [b] - 504 gold - resistance, might and haste [c] - 290 gold - heal wounds and berserk rage Purchase which effect?
You feel much better.
You feel slightly irritated.
Your spectral Executioner misses Aveeferakh.
Your spectral Executioner closely misses Aveeferakh.
Your spectral Executioner hits Aveeferakh.
Aveeferakh gestures at you.
The orb of electricity explodes!
The orb of electricity engulfs you!!!!
You die...
Your body crumbles into a pile of gold.

..▓ ..▓ ..▓▓▓▓▓ ...
..........................▓ ...
..........................▓
.... #........#...............▓
...$.##.....###...............▓
1..ZZ#........L...............▓
...1..........................▓
1$3..63Z......................▓
1311.Z$&.....................∩▓
62.22..$......................▓
....2.........................▓
.2..1.......##................▓
....###......##...............▓
.... #.......##...............▓


You could see Aveeferakh (ally target) and a friendly spectral Executioner.

Vanquished Creatures
  Cerebov (Pan)
  Antaeus (Coc:7)
  Asmodeus (Geh:7)
  the Royal Jelly (Slime:5)
  Ignacio (Pan)
  Gloorx Vloq (Pan)
  Lom Lobon (Pan)
  Mnoleg (Pan)
  the Serpent of Hell (Coc:7)
  Dispater (Dis:7)
  Tiamat (Zot:3)
  8 dread liches
  5 ancient liches
  Khufu (Crypt:1)
  5 orbs of fire
  5 juggernauts
  Mennas (Pan)
  6 pandemonium lords
  Boris (twice) (Crypt:1 Tomb:1)
  51 royal mummies
  16 shard shrikes
  4 Killer Klowns
  Bai Suzhen (Crypt:2)
  Xtahua (Crypt:1)
  Geryon (Hell)
  The ghost of Qaniympis the Stormcaller, a veteran DgEE (Zot:4)
  39 caustic shrikes
  16 golden dragons
  25 profane servitors
  Jory (Crypt:3)
  17 bone dragons
  A shard shrike zombie (Abyss:4)
  19 hellephants
  22 Brimstone Fiends
  4 doom hounds
  12 Tzitzimimeh
  14 tentacled monstrosities
  5 electric golems
  10 iron giants
  Rupert (D:14)
  27 tainted leviathans
  A spectral shard shrike (Tar:2)
  4 walking earthen tomes
  33 Ice Fiends
  3 deep elf master archers
  22 titans
  11 liches
  24 Hell Sentinels
  4 deep elf blademasters
  Asterion (Snake:2)
  18 Orb Guardians (Zot:5)
  29 searing wretches
  28 Executioners
  Polyphemus (Shoals:2)
  7 quicksilver dragons
  7 death cobs
  22 acid blobs
  25 ancient champions
  19 sphinxes
  13 shadow dragons
  21 tentacled starspawn
  13 storm dragons
  22 nagarajas
  9 tengu reavers
  6 revenants
  Donald (Elf:3)
  6 draconian monks
  12 rockslimes
  2 daevas
  22 fire giants
  6 draconian knights
  A fenstrider witch (Zig:24)
  14 azure jellies
  10 deep elf sorcerers
  7 demonspawn warmongers
  16 frost giants
  3 emperor scorpions
  10 quicksilver elementals
  24 narguns
  Aizul (Snake:3)
  5 deep elf elementalists
  5 ghost moths
  A spectral juggernaut (Tar:4)
  16 vault wardens
  12 draconian scorchers
  45 balrugs
  3 juggernaut zombies
  A spectral caustic shrike (Tar:5)
  5 caustic shrike zombies
  9 shard shrike simulacra
  9 iron dragons
  3 orc warlords
  3 curse skulls
  13 ghouls
  5 draconian shifters
  12 quicksilver oozes
  30 cacodemons
  22 very ugly things
  2 spriggan defenders (Depths:1)
  2 draconian stormcallers
  19 ironbound preservers
  8 demonspawn corrupters
  29 war gargoyles
  7 draconian annihilators
  2 caustic shrike skeletons
  4 juggernaut skeletons
  18 reapers
  6 demonspawn blood saints
  9 green draconians
  22 stone giants
  4 formless jellyfish
  7 vampire knights
  27 putrid mouths
  10 bennus
  11 black draconians
  9 ironbound thunderhulks
  27 elemental wellsprings
  11 red draconians
  5 eleionomae
  12 demonspawn black suns
  2 starflowers
  3 minotaurs (Shoals:4)
  19 lorocyprocas
  7 deep elf demonologists
  10 dire elephants
  14 purple draconians
  7 spark wasps
  9 yellow draconians
  5 bunyips
  10 deep elf annihilators
  12 eidola
  24 wendigos
  19 white draconians
  A spectral titan (Tar:6)
  6 merfolk javelineers
  34 iron golems
  Snorg (D:11)
  A merfolk impaler (Depths:2)
  13 ettins
  7 jiangshi
  42 mummy priests
  10 deep elf death magi
  2 shambling mangroves (Zig:15)
  A spectral golden dragon (Tar:2)
  3 crystal guardians
  4 entropy weavers
  2 spectral krakens (Tar:7)
  25 green deaths
  14 yaktaur captains
  16 blizzard demons
  9 fire dragons
  5 great orbs of eyes
  12 deep elf high priests
  Josephine (Lair:4)
  13 hydras
  3 spectral spriggans (Tar:2)
  33 vault guards
  A quicksilver dragon skeleton (Pan)
  4 hell beasts
  5 spriggan zombies
  12 caustic shrike simulacra
  10 juggernaut simulacra
  4 peacekeepers
  4 spriggan air magi
  11 anacondas
  9 ice dragons
  A ghost crab (Zig:15)
  4 catoblepae
  3 spriggan skeletons
  A radroach (Zig:25)
  11 ironbound frosthearts
  6 ogre magi
  14 salamander tyrants
  Erica (D:9)
  5 alligators
  14 centaur warriors
  A fenstrider witch skeleton (Tomb:2)
  A boulder beetle (shapeshifter) (Zig:19)
  13 satyrs (Shoals:4)
  20 two-headed ogres
  An anaconda (shapeshifter) (Zig:19)
  3 two-headed ogres (shapeshifter)
  34 dancing weapons
  13 stokers
  6 death knights
  3 merfolk aquamancers
  2 spectral stone giants
  8 tengu warriors
  6 deep troll shamans
  16 demonic crawlers
  29 hell hogs
  9 death yaks
  13 deep troll earth magi
  6 boulder beetles
  106 death scarabs
  Urug (D:11)
  A spectral storm dragon (Tar:2)
  30 naga warriors
  52 thrashing horrors
  6 vampire magi
  2 titan zombies
  42 soul eaters
  4 spectral dire elephants
  3 spriggan berserkers
  4 orc high priests
  A shock serpent (shapeshifter) (Depths:4)
  14 shock serpents
  22 naga sharpshooters
  11 crystal echidnas
  2 titan skeletons
  28 deep elf knights
  A storm dragon zombie (Zig:22)
  58 sun demons
  11 iron trolls
  17 wretched stars
  7 hell knights
  5 skysharks
  12 shadow wraiths
  An anaconda zombie (Abyss:3)
  3 salamander mystics
  23 sixfirhies
  Lodul (D:12)
  34 skeletal warriors
  5 spatial maelstroms
  4 goliath frogs (Zig:24)
  4 storm dragon skeletons
  A golden dragon zombie (Depths:2)
  2 death drakes (Zig:24)
  A spriggan druid (Zig:15)
  4 sea snakes
  A spectral iron dragon (Tar:2)
  3 quicksilver dragon simulacra
  A golden dragon skeleton (Zig:21)
  6 lindwurms
  An orb spider (shapeshifter) (Vaults:4)
  2 bunyip zombies (Crypt:3)
  8 swamp dragons
  7 glowing orange brains
  40 deep trolls
  An orb spider (Abyss:4)
  2 bog bodies (Crypt:2)
  6 deep elf archers
  10 shadow demons
  9 naga ritualists
  18 wizards
  3 shadow dragon zombies
  31 phantasmal warriors
  11 flayed ghosts
  17 ironbound convokers
  A steelbarb worm (shapeshifter) (Vaults:3)
  A spectral hydra (Tar:2)
  37 deep elf pyromancers
  Pikel (D:5)
  9 necromancers
  An anaconda skeleton (Pan)
  9 mana vipers
  4 spriggan simulacra
  34 deep elf zephyrmancers
  A tengu zombie (Zig:21)
  26 harpies
  A wolf spider (shapeshifter) (Vaults:4)
  9 salamanders
  3 iron dragon zombies
  74 starcursed masses
  4 orc knights
  6 will-o-the-wisps
  A goliath frog zombie (Crypt:2)
  3 orc sorcerers
  A fire giant zombie (Zig:11)
  10 fauns
  A faun (shapeshifter) (Zig:8)
  15 moths of wrath
  5 worldbinders
  2 spectral ettins
  A centaur zombie (Crypt:3)
  A stone giant zombie (Tomb:1)
  22 manticores
  8 shining eyes
  Joseph (Lair:1)
  Maurice (D:12)
  16 vault sentinels
  7 cyclopes
  61 ugly things
  2 ice statues
  A fire giant skeleton (Depths:3)
  A shadow dragon skeleton (Depths:2)
  80 smoke demons
  2 titan simulacra
  2 torpor snails
  5 water nymphs
  A dire elephant zombie (Tomb:3)
  3 apocalypse crabs
  4 rust devils
  45 black mambas
  12 guardian serpents
  6 merfolk sirens
  12 naga magi
  3 eyes of devastation
  A water nymph (shapeshifter) (Depths:2)
  29 orange demons
  7 komodo dragons
  4 molten gargoyles (Hell)
  A storm dragon simulacrum (Crypt:1)
  29 hellions
  8 spectral swamp worms (Tar:7)
  2 dire elephant skeletons (Pan)
  13 cane toads
  5 kobold demonologists
  29 tormentors
  4 centaur skeletons (Pan)
  26 yaktaurs
  7 rime drakes
  14 freezing wraiths
  5 anaconda simulacra
  2 komodo dragons (shapeshifter)
  18 ancient zymes
  82 guardian mummies
  9 efreet
  6 harpy zombies
  2 iron giant simulacra
  2 ice devils
  4 spectral nagas
  4 tengu conjurers
  A meliai (shapeshifter) (Vaults:5)
  13 polar bears
  9 red devils
  3 silent spectres
  17 merfolk
  A sea snake skeleton (Crypt:1)
  2 bloated husks
  2 merfolk (shapeshifter)
  2 tyrant leeches
  21 hellwings
  6 spectral harpies
  11 trolls
  2 hydra skeletons (Hell)
  3 meliai (D:15)
  Grinder (D:4)
  4 harpy skeletons
  A sphinx simulacrum (Depths:3)
  A tarantella (shapeshifter) (Elf:2)
  4 hornets
  3 ettin zombies (Crypt:3)
  A tarantella (Vaults:4)
  6 wind drakes
  28 blink frogs
  4 iron dragon simulacra
  A snapping turtle (shapeshifter) (Vaults:2)
  10 snapping turtles
  63 large abominations
  38 raiju
  2 dream sheep (shapeshifter)
  41 slime creatures
  2 jumping spiders (shapeshifter)
  A stone giant simulacrum (Coc:1)
  3 dream sheep (Shoals:3)
  A spectral black mamba (Tar:1)
  42 flying skulls
  3 spriggans
  A shadow (D:13)
  A centaur simulacrum (Coc:1)
  21 water elementals
  An air elemental (Zig:10)
  2 culicivoras
  Eustachio (D:5)
  A vampire (D:12)
  4 dire elephant simulacra
  31 ynoxinuls
  19 wraiths
  29 ushabtiu
  An ettin skeleton (Pan)
  2 alligator snapping turtle simulacra
  32 neqoxecs
  4 wyverns
  7 basilisks
  A hog (shapeshifter) (Lair:5)
  3 fire bats (Abyss:4)
  5 fire elementals
  49 yaks
  8 redbacks
  19 chaos spawn
  4 steam dragons
  A redback (shapeshifter) (Depths:4)
  4 vampire mosquitoes
  3 naga zombies
  Edmund (D:5)
  A slime creature zombie (Crypt:2)
  5 acid dragons
  11 harpy simulacra
  50 nagas
  6 spatial vortices
  A two-headed ogre zombie (Crypt:2)
  3 wargs
  A glowing shapeshifter zombie (Depths:3)
  6 hell hounds
  2 floating eyes
  2 floating eyes (shapeshifter) (Vaults:5)
  3 hydra simulacra
  17 water moccasins
  3 ice beasts (Zig:14)
  A black bear (D:6)
  24 orc warriors
  2 sky beasts (D:6)
  4 ettin simulacra
  36 small abominations
  39 ogres
  29 wolves
  2 boggarts (Elf:2)
  A hog zombie (Crypt:2)
  A lemure (D:5)
  11 centaurs
  5 kobold brigands
  3 phantoms
  2 elf zombies (Ossuary)
  13 bullfrogs
  14 necrophages
  2 earth elementals
  3 scorpions
  2 naga simulacra (Coc:1)
  10 wights
  A raiju zombie (Crypt:1)
  11 wyvern skeletons (Crypt:3)
  7 killer bees
  4 electric eels
  A polar bear skeleton (Crypt:2)
  4 howler monkeys
  8 crimson imps (Pan)
  5 quasits
  5 jellies
  12 orc priests
  A gnoll bouda (D:5)
  11 hounds
  5 iron imps
  2 sleepcaps
  3 iguanas
  23 orc wizards
  Natasha (thrice) (D:3)
  8 hell rats
  An ogre zombie (Crypt:1)
  An ogre skeleton (Crypt:1)
  119 mummies
  A steam dragon zombie (Crypt:1)
  6 adders
  4 gnolls
  18 river rats
  6 shadow imps
  8 white imps
  5 ufetubi
  2 adder zombies (Ossuary)
  5 worms
  3 dart slugs
  66 orcs
  2 bats
  4 endoplasms
  A giant cockroach (D:3)
  A gnoll zombie (Ossuary)
  9 hobgoblins
  9 quokkas
  6 ball pythons
  11 frilled lizards
  A gnoll skeleton (Crypt:2)
  6 goblins
  A hobgoblin zombie (Ossuary)
  A jackal skeleton (Crypt:2)
  2 jackal zombies (Ossuary)
  18 kobolds
  A kobold skeleton (Crypt:1)
  A kobold zombie (Ossuary)
  An orc zombie (Ossuary)
  A quokka skeleton (Crypt:1)
  A quokka zombie (Crypt:1)
  19 rats
  2 rat zombies (Ossuary)
  A butterfly (Lair:5)
  9 creeping infernos
  35 fire vortices
  2 lurking horrors
  12 starspawn tentacles
  3 tentacles (Tar:7)
4974 creatures vanquished.

Vanquished Creatures (collateral kills)
  Ereshkigal (Tar:7)
  3 dread liches
  2 ancient liches
  A shard shrike (Coc:1)
  Margery (Depths:4)
  6 caustic shrikes
  Nikola (Shoals:3)
  14 golden dragons
  An iron giant (Dis:5)
  A hellephant (Geh:6)
  A Tzitzimitl (Tar:7)
  6 tentacled monstrosities
  3 Ice Fiends
  A deep elf blademaster (Zig:10)
  3 Hell Sentinels (Dis:7)
  A lich (Depths:2)
  A tainted leviathan (Tar:3)
  7 Orb Guardians (Zot:5)
  A quicksilver dragon (Zot:5)
  5 titans
  12 acid blobs
  An Executioner (Zig:13)
  2 ancient champions (Dis:7)
  2 death cobs
  A thorn hunter (Zig:25)
  2 sphinxes
  2 tengu reavers
  11 frost giants
  2 narguns (Zig:17)
  9 nagarajas
  A balrug (Geh:6)
  2 fire giants
  3 vault wardens
  A draconian knight (Zig:14)
  4 emperor scorpions
  Louise (D:14)
  A draconian shifter (Zot:2)
  2 ghost moths (Zig:25)
  3 ironbound preservers
  A draconian scorcher (Zot:1)
  A cacodemon (Pan)
  A quicksilver ooze (Zig:23)
  5 very ugly things
  An ironbound thunderhulk (Vaults:1)
  A demonspawn blood saint (Pan)
  3 reapers
  An elemental wellspring (Coc:7)
  6 stone giants
  3 formless jellyfish
  A war gargoyle (Dis:7)
  A black draconian (Zot:4)
  A yellow draconian (Zot:3)
  3 lorocyprocas
  2 red draconians (Zot:5)
  2 eleionomae (Zig:9)
  A dire elephant (Vaults:1)
  3 bunyips
  2 purple draconians
  A wendigo (Zig:17)
  3 spark wasps
  2 merfolk javelineers (Zig:25)
  A green death (Zig:24)
  4 iron golems
  2 blizzard demons (Zig:14)
  A deep elf death mage (Zig:19)
  A deep elf high priest (Vaults:5)
  An ettin (Zig:19)
  3 yaktaur captains
  An entropy weaver (shapeshifter) (Zig:8)
  An entropy weaver (Vaults:1)
  A merfolk impaler (Shoals:4)
  4 great orbs of eyes
  2 ice dragons
  A rakshasa (Depths:2)
  2 vault guards
  2 ghost crabs (Zig:9)
  6 hydras
  A centaur warrior (D:14)
  2 spriggan air magi
  An ogre mage (Zig:18)
  2 anacondas (Zig:16)
  4 alligator snapping turtles (Zig:25)
  4 deep troll shamans
  A deep troll earth mage (Depths:3)
  An alligator (Zig:15)
  An orc high priest (Zig:12)
  2 hell hogs
  A naga sharpshooter (Zig:25)
  4 hell knights
  3 soul eaters
  2 sun demons (Pan)
  2 crystal echidnas (Dis:7)
  A sixfirhy (Pan)
  An iron troll (Depths:4)
  A fire crab (shapeshifter) (Zig:18)
  A salamander mystic (Zig:16)
  15 deep trolls
  A spriggan simulacrum (Coc:1)
  A flayed ghost (Depths:2)
  3 ironbound convokers
  7 swamp dragons
  2 deep elf archers
  2 orc knights (Zig:19)
  4 necromancers
  A golden dragon skeleton (Hell)
  A steelbarb worm (Zig:5)
  2 deep elf pyromancers
  A harpy (shapeshifter) (Zig:19)
  2 harpies (Vaults:1)
  6 ugly things
  3 orc sorcerers (Zig:12)
  A mana viper (shapeshifter) (Zig:18)
  3 mana vipers
  A cyclops (Shoals:3)
  2 salamanders
  3 naga magi (Zig:25)
  A will-o-the-wisp (Zig:15)
  4 moths of wrath
  5 shining eyes (Zig:23)
  A merfolk siren (Zig:25)
  3 vault sentinels
  A rust devil (Hell)
  3 black mambas
  3 smoke demons (Pan)
  4 guardian serpents
  4 eyes of devastation (Zig:23)
  A storm dragon simulacrum (Zig:14)
  A hellion (Geh:6)
  A rime drake (Zig:14)
  8 yaktaurs
  A freezing wraith (Zig:19)
  5 ice devils
  A golden dragon simulacrum (Zig:17)
  2 hornets
  A meliai (shapeshifter) (Zig:18)
  A tyrant leech (shapeshifter) (Vaults:5)
  A hellwing (Pan)
  A tyrant leech (Zig:15)
  3 merfolk
  A dream sheep (Shoals:3)
  18 slime creatures
  2 centaur simulacra (Coc:1)
  A spriggan (Depths:4)
  A water elemental (Zig:25)
  3 golden eyes (Zig:23)
  2 chaos spawn (Pan)
  2 redbacks (Zig:25)
  3 nagas (Zig:16)
  2 floating eyes (shapeshifter)
  3 hell hounds (Pan)
  2 orc warriors (Zig:12)
  A swamp drake (Zig:15)
  5 ice beasts (Zig:14)
  A sky beast (shapeshifter) (Zig:18)
  A wolf (IceCv)
  2 ogres (Zig:12)
  A tengu (shapeshifter) (Zig:19)
  An orc priest (Zig:12)
  A creeping inferno (Geh:2)
405 creatures vanquished.

Vanquished Creatures (others)
  An ancient lich (Zig:18)
  A quicksilver dragon (Zot:4)
  A searing wretch (Geh:1)
  2 nagarajas (Zig:25)
  A demonspawn warmonger (Zig:20)
  3 ghost moths
  A war gargoyle (Dis:3)
  A draconian stormcaller (Zot:5)
  A vampire knight (Zig:7)
  A juggernaut simulacrum (Coc:4)
  A caustic shrike simulacrum (Coc:4)
  An ironbound frostheart (IceCv)
  An ogre mage (Vaults:5)
  A spriggan berserker (Zig:15)
  A thrashing horror (Abyss:5)
  A soul eater (Pan)
  A goliath frog (Zig:15)
  A will-o-the-wisp (Zig:15)
  A naga mage (Zig:25)
  A titan simulacrum (Coc:4)
  A smoke demon (Pan)
  4 hellions (Geh:1)
  A tormentor (Geh:2)
  An anaconda simulacrum (Coc:3)
  2 bloated husks
  A tyrant leech (Zig:9)
  A flying skull (Tomb:2)
  3 water elementals
  A ynoxinul (Pan)
  An alligator snapping turtle simulacrum (Coc:3)
  A harpy simulacrum (Coc:4)
  A naga simulacrum (Coc:4)
  A killer bee (D:15)
  3 ball lightnings (Zot:4)
  3 fire vortices
  19 foxfires
  2 lurking horrors
  40 starspawn tentacles
  9 tentacles (Tar:7)
118 creatures vanquished.

Grand Total: 5497 creatures vanquished

Notes
Turn   | Place    | Note
-------+----------+-------------------------------------------
     0 | D:1      | holysushi the Octopode Hunter began the quest for the Orb.
     0 | D:1      | Reached XP level 1. HP: 14/14 MP: 1/1
    74 | D:1      | Reached XP level 2. HP: 19/19 MP: 2/2
   763 | D:2      | Reached XP level 3. HP: 11/24 MP: 3/3
   852 | D:2      | Found a shimmering altar of Xom.
   856 | D:2      | Reached skill level 5 in Ranged Weapons
  1341 | D:3      | HP: 1/24 [frozen (5)]
  1351 | D:3      | Reached XP level 4. HP: 22/29 MP: 4/4
  1513 | D:3      | Noticed Natasha
  1527 | D:3      | Killed Natasha
  1740 | D:3      | Reached XP level 5. HP: 29/34 MP: 5/5
  1762 | D:3      | HP: 1/34 [orc/+0 short sword (3)]
  1764 | D:3      | Gained mutation: Your muscles are strong. (Str +4, Int/Dex
                  | -1) [potion of mutation]
  1764 | D:3      | Gained mutation: You expend magic power (3 MP) to
                  | strengthen your wands. [potion of mutation]
  1954 | D:3      | Noticed Natasha
  1961 | D:3      | Killed Natasha
  2146 | D:3      | Found Kogezed's Antique Weapon Emporium.
  2244 | D:3      | Noticed Natasha
  2247 | D:3      | Killed Natasha
  2263 | D:3      | Lost mutation: Your muscles are strong. (Str +4, Int/Dex
                  | -1) [potion of mutation]
  2263 | D:3      | Lost mutation: You expend magic power (3 MP) to strengthen
                  | your wands. [potion of mutation]
  2263 | D:3      | Gained mutation: You occasionally lose the ability to drink
                  | potions when taking damage. [potion of mutation]
  2263 | D:3      | Gained mutation: Your spells are a little harder to cast,
                  | but a little more powerful. [potion of mutation]
  2440 | D:4      | Found a white marble altar of Elyvilon.
  2440 | D:4      | Found a hazy altar of Hepliaklqana.
  2573 | D:4      | Noticed an ogre
  2591 | D:4      | Killed an ogre
  2592 | D:4      | Reached XP level 6. HP: 39/39 MP: 6/6
  2597 | D:4      | Found a runed translucent door.
  2764 | D:4      | Found a runed translucent door.
  2826 | D:4      | Noticed Grinder
  2847 | D:4      | Killed Grinder
  2848 | D:4      | Reached XP level 7. HP: 39/45 MP: 7/7
  2915 | D:4      | Noticed abessonov's ghost (amateur MiFi)
  3170 | D:5      | Entered Level 5 of the Dungeon
  3182 | D:5      | Identified a scroll of acquirement
  3182 | D:5      | Acquired 500 gold pieces
  3250 | D:3      | Bought an ebony glaive for 195 gold pieces
  3250 | D:3      | Identified the +1 glaive of Ufrisem {venom, rCorr} (You
                  | bought it in a shop on level 3 of the Dungeon)
  3251 | D:3      | Bought a glowing dagger for 85 gold pieces
  3627 | D:5      | Noticed Eustachio
  3635 | D:5      | Killed Eustachio
  3636 | D:5      | Reached XP level 8. HP: 48/50 MP: 8/8
  3678 | D:5      | Noticed Pikel
  3683 | D:5      | Noticed Edmund
  3794 | D:5      | Found a glowing drain.
  3801 | Sewer    | Entered a sewer
  4049 | Sewer    | Reached skill level 10 in Ranged Weapons
  4164 | Sewer    | Lost mutation: You occasionally lose the ability to drink
                  | potions when taking damage. [potion of mutation]
  4164 | Sewer    | Lost mutation: Your spells are a little harder to cast, but
                  | a little more powerful. [potion of mutation]
  4164 | Sewer    | Gained mutation: You do not regenerate when monsters are
                  | visible. [potion of mutation]
  4491 | D:5      | Identified the +4 war axe "Ahocsau" {heavy, rN+ Str+4}
  4732 | D:5      | Killed Edmund
  4946 | D:5      | Killed Pikel
  4947 | D:5      | Reached XP level 9. HP: 56/56 MP: 9/9
  6360 | D:6      | Found an ancient bone altar of Kikubaaqudgha.
  6387 | D:6      | Lost mutation: You do not regenerate when monsters are
                  | visible. [potion of mutation]
  6387 | D:6      | Gained mutation: You are dopey. (Int -2) [potion of
                  | mutation]
  6387 | D:6      | Gained mutation: You are somewhat resistant to further
                  | mutation. [potion of mutation]
  6434 | D:6      | Found a staircase to the Ecumenical Temple.
  6448 | Temple   | Entered the Ecumenical Temple
  6448 | Temple   | Found a transporter.
  6448 | Temple   | Found a transporter.
  6473 | Temple   | Found a transporter.
  6473 | Temple   | Found a transporter.
  6487 | Temple   | Became a worshipper of Gozag Ym Sagoz the Greedy
  7334 | D:7      | Reached skill level 1 in Evocations
  7583 | D:7      | Found a sand-covered staircase.
  7590 | Ossuary  | Entered an ossuary
  7808 | Ossuary  | Reached XP level 10. HP: 64/64 MP: 10/10
  7970 | D:7      | Found a transporter.
  7975 | D:7      | Noticed ZoeForever1's ghost (novice DEAE)
  7977 | D:7      | Found a bloodstained altar of Trog.
  7977 | D:7      | Noticed a moth of wrath
  8021 | D:7      | Found a transporter.
  9334 | D:8      | Reached skill level 5 in Fighting
  9383 | D:8      | Identified the +0 rapier of Pecsanle {protect, Will+ MP+9
                  | Str+5 Dex-5}
 10150 | D:9      | Found a staircase to the Lair.
 10243 | D:9      | Noticed a two-headed ogre
 10259 | D:9      | Killed a two-headed ogre
 10260 | D:9      | Reached skill level 5 in Dodging
 10393 | D:9      | Noticed Erica
 10407 | D:9      | Killed Erica
 10408 | D:9      | Reached XP level 11. HP: 57/72 MP: 11/11
 10595 | D:9      | Noticed a cyclops
 10605 | D:9      | Killed a cyclops
 10877 | D:9      | Found Oxkuefu's Weapon Shoppe.
 10883 | D:9      | Found a staircase to the Orcish Mines.
 10888 | D:9      | Found Tagira's Armour Shoppe.
 11090 | D:9      | Found a shimmering blue altar of Sif Muna.
 11277 | Lair:1   | Entered Level 1 of the Lair of Beasts
 11277 | Lair:1   | Noticed a catoblepas
 11485 | Lair:1   | Noticed Joseph
 11527 | Lair:1   | Reached skill level 15 in Ranged Weapons
 11556 | Lair:1   | Killed Joseph
 12035 | Lair:1   | Noticed a five-headed hydra
 12047 | Lair:1   | Killed a five-headed hydra
 12118 | Lair:1   | Reached XP level 12. HP: 80/80 MP: 12/12
 12401 | Lair:1   | Killed a catoblepas
 12878 | Lair:2   | Reached skill level 5 in Stealth
 13004 | Lair:2   | Found a staircase to the Shoals.
 13051 | Lair:2   | Found a staircase to the Snake Pit.
 13826 | Lair:2   | Bought the +9 shortbow "Keojotoc" {heavy, rCorr} for 1008
                  | gold pieces
 14196 | Lair:3   | Noticed a four-headed hydra
 14272 | Lair:3   | Noticed a catoblepas
 14352 | Lair:3   | Killed a catoblepas
 14743 | Lair:3   | Killed a four-headed hydra
 14818 | Lair:3   | Reached skill level 10 in Dodging
 15902 | Lair:4   | Noticed a four-headed hydra
 15906 | Lair:4   | Killed a four-headed hydra
 15907 | Lair:4   | Reached XP level 13. HP: 91/91 MP: 13/13
 15924 | Lair:4   | Noticed Josephine
 15975 | Lair:3   | Reached skill level 10 in Fighting
 16288 | Lair:4   | Killed Josephine
 17092 | Lair:5   | Entered Level 5 of the Lair of Beasts
 17168 | Lair:5   | Found a staircase to the Slime Pits.
 20221 | Lair:5   | Reached XP level 14. HP: 91/99 MP: 14/14
 20271 | Lair:5   | Reached skill level 15 in Dodging
 20272 | Lair:5   | Bought a jewelled shortbow for 296 gold pieces
 20272 | Lair:5   | Identified the +0 shortbow "Asaolop" {antimagic, rElec
                  | rCorr} (You bought it in a shop on level 5 of the Lair of
                  | Beasts)
 22597 | Lair:5   | Got the Folio of Transmutation and Superposition
 22647 | Lair:5   | Found a corrupted altar of Lugonu.
 22647 | Lair:5   | Found a one-way gate to the infinite horrors of the Abyss.
 22903 | Orc:1    | Entered Level 1 of the Orcish Mines
 24192 | Orc:2    | Entered Level 2 of the Orcish Mines
 24197 | Orc:2    | Found a burning altar of Makhleb.
 24214 | Orc:2    | Found Qoneuluc's Weapon Shop.
 24262 | Orc:2    | Paralysed by an orc sorcerer for 2 turns
 24715 | Orc:2    | Found a staircase to the Elven Halls.
 24782 | Orc:2    | Found a runed translucent door.
 26242 | Orc:2    | Paralysed by an ogre mage for 3 turns
 27363 | Orc:2    | Found Miseigib's Antique Weapon Emporium.
 27363 | Orc:2    | Found Nexuf's Armour Shop.
 27363 | Orc:2    | Found Ymifajou's Armour Shop.
 27363 | Orc:2    | Found Vijemp's Weapon Shoppe.
 27473 | Orc:2    | Bought a +2 hat for 208 gold pieces
 27481 | Orc:2    | Bought a warped war axe for 331 gold pieces
 27481 | Orc:2    | Identified the +6 war axe of Makkoacai {freeze, Fragile
                  | Dex+4} (You bought it in a shop on level 2 of the Orcish
                  | Mines)
 27740 | Orc:2    | Noticed Pooter's ghost (journeyman MiBe)
 27800 | Orc:1    | Reached XP level 15. HP: 103/103 MP: 15/15
 27888 | D:9      | Bought a book of Unlife for 504 gold pieces
 27888 | D:9      | Bought a book of Weapons for 392 gold pieces
 27894 | D:9      | Learned a level 3 spell: Portal Projectile
 27900 | D:9      | Learned a level 5 spell: Borgnjor's Vile Clutch
 27908 | D:9      | Learned a level 6 spell: Death Channel
 27922 | D:10     | Entered Level 10 of the Dungeon
 27934 | D:10     | Found Zaqurha's General Store.
 27939 | D:10     | Found Buihuyce's Specific Store.
 28000 | D:10     | Found a runed translucent gate.
 28000 | D:10     | Found a runed translucent gate.
 28002 | D:10     | Found a runed translucent gate.
 28010 | D:10     | Noticed bakla's ghost (novice MiFi)
 28176 | D:10     | Reached skill level 1 in Spellcasting
 28176 | D:10     | Reached skill level 1 in Necromancy
 28194 | D:10     | Found Xuppolof's Distillery.
 28506 | D:10     | Bought a potion of mutation for 128 gold pieces
 28506 | D:10     | Bought a potion of mutation for 128 gold pieces
 28506 | D:10     | Lost mutation: You are somewhat resistant to further
                  | mutation. [potion of mutation]
 28506 | D:10     | Lost mutation: You are dopey. (Int -2) [potion of mutation]
 28506 | D:10     | Gained mutation: You are occasionally teleported next to
                  | monsters. [potion of mutation]
 28506 | D:10     | Gained mutation: Your spells are a little easier to cast,
                  | but a little less powerful. [potion of mutation]
 28507 | D:10     | Lost mutation: You are occasionally teleported next to
                  | monsters. [potion of mutation]
 28507 | D:10     | Lost mutation: Your spells are a little easier to cast, but
                  | a little less powerful. [potion of mutation]
 28507 | D:10     | Gained mutation: You are robust. (+10% HP) [potion of
                  | mutation]
 28507 | D:10     | Gained mutation: You are occasionally teleported next to
                  | monsters. [potion of mutation]
 28507 | D:10     | Gained mutation: You occasionally lose the ability to read
                  | scrolls when taking damage. [potion of mutation]
 28508 | D:10     | Lost mutation: You occasionally lose the ability to read
                  | scrolls when taking damage. [potion of mutation]
 28508 | D:10     | Lost mutation: You are occasionally teleported next to
                  | monsters. [potion of mutation]
 28508 | D:10     | Gained mutation: Your spells are a little harder to cast,
                  | but a little more powerful. [potion of mutation]
 28635 | D:11     | Found a frozen archway.
 28728 | IceCv    | Entered an ice cave
 32066 | IceCv    | Identified the staff of fire "Poilor Lioh" {Contam rF+ rC+
                  | Will++ SInv}
 32470 | D:11     | Noticed Urug
 32481 | D:11     | You fall into a shaft and drop 2 floors!
 32675 | D:12     | Noticed Maurice
 32687 | D:12     | Killed Maurice
 32867 | D:12     | Noticed Lodul
 32881 | D:12     | Killed Lodul
 33169 | D:12     | Reached skill level 5 in Necromancy
 33432 | D:11     | Killed Urug
 33763 | D:11     | Noticed Snorg
 33768 | D:11     | Killed Snorg
 33973 | D:13     | Reached skill level 5 in Spellcasting
 34181 | D:13     | Found a gate to the Vaults.
 34541 | D:13     | Identified the +4 ring mail "Fuetoiny" {*Corrode rC+ rN+
                  | Regen+}
 35381 | D:10     | Bought a condenser vane for 560 gold pieces
 35545 | D:14     | Reached XP level 16. HP: 119/119 MP: 23/23
 35711 | D:14     | Noticed Louise
 35734 | Abyss:2  | Found a corrupted altar of Lugonu.
 35734 | Abyss:2  | Cast into level 2 of the Abyss (Louise)
 35844 | Abyss:2  | Found a corrupted altar of Lugonu.
 35926 | Abyss:2  | Found a corrupted altar of Lugonu.
 35958 | D:14     | Escaped the Abyss
 35966 | D:14     | Killed Louise
 36061 | D:14     | Identified the +3 mace "Huntocr Coef" {flame, Str+3 Int+7}
 36144 | D:14     | Found a hide-covered altar of Uskayaw.
 36146 | D:14     | Found a glowing silver altar of Zin.
 36146 | D:14     | Found a shimmering altar of Xom.
 36148 | D:14     | Found an iron altar of Okawaru.
 36148 | D:14     | Found a basalt altar of Yredelemnul.
 36148 | D:14     | Found a basalt altar of Yredelemnul.
 36184 | D:14     | Noticed Rupert
 36186 | D:14     | Paralysed by Rupert for 3 turns
 36207 | D:14     | Paralysed by Rupert for 3 turns
 36226 | D:14     | Paralysed by Rupert for 5 turns
 36235 | D:14     | Killed Rupert
 36249 | D:14     | Found Dotor's Neck Hole.
 36601 | D:15     | Entered Level 15 of the Dungeon
 36684 | D:15     | Reached skill level 5 in Evocations
 36767 | D:15     | Noticed Azrael
 38505 | D:15     | Found a staircase to the Depths.
 38899 | D:15     | Noticed Jorgrun
 42935 | Snake:1  | Entered Level 1 of the Snake Pit
 44067 | Snake:1  | Reached skill level 10 in Necromancy
 44739 | Snake:1  | Reached XP level 17. HP: 126/126 MP: 24/24
 44816 | Snake:1  | Found Qolats's Tremendous Tomes.
 45149 | Shoals:1 | Entered Level 1 of the Shoals
 46176 | Shoals:2 | Found Nogaoq's Jewellery Shop.
 46193 | Shoals:2 | Bought a +4 ring of slaying for 1170 gold pieces
 46193 | Shoals:2 | Bought a ring of willpower for 375 gold pieces
 46303 | Shoals:2 | Noticed Roxanne
 46558 | Shoals:2 | Noticed Polyphemus
 47231 | Shoals:2 | Found Nogaoq's Jewellery Shop.
 47299 | Shoals:2 | Killed Polyphemus
 47830 | Shoals:3 | Noticed Nikola
 47850 | Shoals:3 | Killed Nikola
 48667 | Shoals:4 | Entered Level 4 of the Shoals
 50426 | Shoals:4 | Noticed a sphinx
 50431 | Shoals:4 | Killed a sphinx
 50514 | Shoals:4 | Reached XP level 18. HP: 136/136 MP: 25/25
 51024 | Shoals:4 | Got a barnacled rune of Zot
 51358 | Snake:2  | Noticed Asterion
 51368 | Snake:2  | Killed Asterion
 52802 | Snake:3  | Reached skill level 1 in Translocations
 52807 | Snake:3  | Reached skill level 1 in Hexes
 53424 | Snake:3  | Noticed Aizul
 53437 | Snake:3  | Killed Aizul
 53912 | Snake:4  | Entered Level 4 of the Snake Pit
 54476 | Snake:4  | Reached XP level 19. HP: 147/147 MP: 28/28
 57750 | Snake:4  | Got a serpentine rune of Zot
 58198 | Elf:1    | Entered Level 1 of the Elven Halls
 58714 | Elf:1    | Found Qemiging's Magic Scroll Emporium.
 58742 | Elf:1    | Bought a scroll of teleportation for 45 gold pieces
 58742 | Elf:1    | Bought a scroll of teleportation for 45 gold pieces
 59314 | Elf:2    | Reached XP level 20. HP: 158/158 MP: 30/30
 59332 | Elf:2    | Found a runed translucent gate.
 59332 | Elf:2    | Found a runed translucent gate.
 59332 | Elf:2    | Found a runed translucent gate.
 59479 | Elf:2    | Found a shimmering blue altar of Sif Muna.
 59784 | Elf:2    | Identified the amulet "Teonguot" {RegenMP Harm Dex-5
                  | Stlth+}
 60664 | Elf:2    | Reached skill level 15 in Fighting
 62034 | Elf:3    | Entered Level 3 of the Elven Halls
 62068 | Elf:3    | Noticed Donald
 64653 | Elf:3    | Found Jeh Geyl's Antique Weapon Shoppe.
 64664 | Elf:3    | Bought an iridescent rapier for 216 gold pieces
 64664 | Elf:3    | Identified the +4 rapier of Ytenixze {drain, rElec rN+}
                  | (You bought it in a shop on level 3 of the Elven Halls)
 64671 | Elf:3    | Bought a manual of Necromancy for 1760 gold pieces
 64794 | Elf:3    | Killed Donald
 64943 | Elf:3    | Reached skill level 15 in Necromancy
 65171 | Elf:3    | Reached XP level 21. HP: 166/166 MP: 31/31
 65209 | Elf:3    | Identified the +3 buckler of Eshu {+Inv rElec Dex-2 Slay+3}
 65374 | Elf:3    | Identified the ring "Neqara" {Fly rN+ Will+ rCorr Dex+3}
 66464 | Elf:3    | Identified the +1 great mace of Sietow {flame, Dex+3}
 68447 | Elf:3    | Identified the staff of poison "Makyofre" {rPois Str+4}
 68464 | Elf:3    | Identified the staff of death "Hant" {rN+ Int+7}
 68511 | Elf:3    | Identified the +0 dagger "Copha" {heavy, Fly Will+ Str+7
                  | Dex-3}
 68517 | Elf:3    | Identified the +9 orcbow of the Walnut {heavy, *Corrode Fly
                  | rC++ Dex+3}
 68543 | Elf:3    | Identified the +1 scale mail of Ralit {Harm rF+ Int-2}
 68574 | Elf:3    | Found the amulet of Vitality {RegenMP++ Regen++}
 68613 | Elf:3    | Identified the staff of earth "Vaoleef" {rC+ Dex-5 SInv}
 68651 | Elf:3    | Acquired the +8 longbow of Division {antimagic, Drain rC++
                  | Dex+4}
 69015 | Shoals:2 | Bought the ring "Miporebb" {rPois rF+} for 543 gold pieces
 69220 | Vaults:1 | Entered Level 1 of the Vaults
 70019 | Vaults:1 | Identified the +4 ring mail of the Trees {-Cast rC++ Regen+
                  | Slay+6}
 70518 | Vaults:2 | Found Omaucsit's Armour Emporium.
 71570 | Vaults:3 | Reached XP level 22. HP: 172/172 MP: 10/32
 71579 | Vaults:3 | Found an ancient bone altar of Kikubaaqudgha.
 71585 | Vaults:3 | Found a staircase to the Crypt.
 71588 | Vaults:3 | Found a basalt altar of Yredelemnul.
 72053 | Vaults:3 | Found Ditzuc's Armour Shoppe.
 72862 | Vaults:4 | Identified the +10 rapier of Perversion {distort, rF+
                  | Stlth+}
 73683 | Vaults:4 | Bought a scroll of brand weapon for 199 gold pieces
 73738 | Vaults:5 | Entered Level 5 of the Vaults
 73886 | Vaults:4 | Reached XP level 23. HP: 170/178 MP: 11/33
 74381 | Vaults:4 | Found Nacu's Magic Scroll Emporium.
 75476 | Vaults:5 | Reached skill level 27 in Dodging
 75517 | Vaults:5 | Noticed a dread lich
 75533 | Vaults:5 | Noticed a golden dragon
 75536 | Vaults:5 | Killed a dread lich
 75545 | Vaults:5 | Killed a golden dragon
 76114 | Vaults:5 | Identified the +3 dagger of Disgust {freeze, Dex+6}
 76133 | Vaults:5 | Identified the +3 hand axe of Efaenac {venom, Int+2}
 76136 | Vaults:5 | Identified the staff of fire "Uwneciro" {rElec rF+ rC+
                  | Str+3 Int-5}
 76229 | Vaults:5 | Identified the staff of air "Xaviojoa" {rElec SInv}
 76239 | Vaults:5 | Got a silver rune of Zot
 76549 | Vaults:5 | Identified the +6 short sword of Ruimib {vamp, rElec Str+8
                  | Int+2 Dex-3}
 76584 | Vaults:5 | Identified the staff of poison "Xamnidus" {rPois rF+ Dex+3}
 76594 | Vaults:5 | Identified the +7 orcbow of Cowardice {flame, Fragile
                  | Str+4}
 76619 | Vaults:5 | Got the Monograph on Forces and Adjuration
 76647 | Vaults:5 | Noticed a golden dragon
 76651 | Vaults:5 | Killed a golden dragon
 76753 | Vaults:5 | Identified the +7 short sword "Qenneidiu" {speed, Drain
                  | Fragile rN+++ Int+3}
 76933 | Vaults:5 | Bought the ring of the Tortoise {AC+8} for 2048 gold pieces
 76933 | Vaults:5 | Found the ring of the Tortoise {AC+8}
 77201 | D:13     | Learned a level 4 spell: Dispel Undead
 77295 | Depths:1 | Entered Level 1 of the Depths
 77295 | Depths:1 | Found Zyroz's Magic Scroll Shop.
 77303 | Depths:1 | Found Loimeeff's Assorted Antiques.
 77337 | Depths:1 | Bought a scroll of magic mapping for 187 gold pieces
 77337 | Depths:1 | Bought a scroll of magic mapping for 187 gold pieces
 77337 | Depths:1 | Bought a potion of heal wounds for 125 gold pieces
 77348 | Depths:1 | Found a gateway to Hell.
 77507 | Depths:1 | Identified the orb of Rotation {guile, Harm}
 77690 | Depths:1 | Found Wem Tehupy's Jewellery Emporium.
 77696 | Depths:1 | Found Senev's Magic Scroll Shop.
 77705 | Depths:1 | Bought a scroll of teleportation for 45 gold pieces
 77705 | Depths:1 | Bought a scroll of teleportation for 45 gold pieces
 77705 | Depths:1 | Bought a scroll of teleportation for 45 gold pieces
 77708 | Depths:1 | Bought a +6 ring of dexterity for 720 gold pieces
 77810 | Depths:1 | Reached XP level 24. HP: 192/192 MP: 11/33
 77820 | Depths:1 | Found a one-way gate leading to the halls of Pandemonium.
 77886 | Depths:1 | Identified the +3 war axe "Dodorph" {venom, rElec Str+4}
 78813 | Depths:2 | Noticed a caustic shrike
 78818 | Depths:2 | Killed a caustic shrike
 78973 | Depths:1 | Reached skill level 5 in Translocations
 79017 | Depths:2 | Reached skill level 5 in Hexes
 80560 | Depths:3 | Reached XP level 25. HP: 204/204 MP: 8/35
 81011 | Depths:3 | Found the +3 crown of Dyrovepreva {rElec Int+2 SInv}
 81014 | Depths:3 | Identified the +9 broad axe "holysushi's Curse" {heavy,
                  | rF+}
 81014 | Depths:3 | Identified the +3 mace of the Brewing Moth {heavy, rElec
                  | rCorr Int-2 Dex-4}
 81014 | Depths:3 | Identified the +1 leather armour of the Arena {Fly Int+2}
 81575 | Depths:3 | Found Bega's General Store.
 81627 | Depths:3 | Found a shadowy altar of Dithmenos.
 81772 | Depths:4 | Entered Level 4 of the Depths
 81780 | Depths:4 | Reached skill level 10 in Spellcasting
 81814 | Depths:4 | Noticed Margery
 81927 | Depths:4 | Killed Margery
 82006 | Depths:4 | Found a one-way gateway to a ziggurat.
 82271 | Depths:4 | Found a gate to the Realm of Zot.
 82636 | Hell     | Entered the Vestibule of Hell
 82638 | Hell     | Noticed Geryon
 82657 | Hell     | Killed Geryon
 82773 | Hell     | Found a gateway to the freezing wastes of Cocytus.
 82933 | Hell     | Found a gateway to the decaying netherworld of Tartarus.
 83167 | Hell     | Found a gateway to the Iron City of Dis.
 83249 | Hell     | Reached XP level 26. HP: 222/222 MP: 12/37
 83338 | Hell     | Found a gateway to the ashen valley of Gehenna.
 83711 | Slime:1  | Entered Level 1 of the Pits of Slime
 84171 | Slime:3  | Gained mutation: You occasionally lose the ability to drink
                  | potions when taking damage. [a shining eye]
 84206 | Slime:5  | Entered Level 5 of the Pits of Slime
 84397 | Slime:5  | Noticed the Royal Jelly
 86494 | Slime:5  | Killed the Royal Jelly
 87102 | Slime:5  | Identified the ring "Eheegock" {rPois rC+ rN+ rCorr}
 87111 | Slime:5  | Identified the +7 scimitar "Davim" {freeze, rCorr SInv}
 87118 | Slime:5  | Identified the +2 pair of gloves of Words of Power {rC+++
                  | Regen+ Str-5 Dex-5}
 87121 | Slime:5  | Identified the staff of cold "Cenec" {rC+ Stlth+}
 87141 | Slime:5  | Got a slimy rune of Zot
 87144 | Slime:5  | Identified the +2 dagger of the End of Times {freeze, Will+
                  | Str+3 Dex-5}
 87169 | Slime:5  | Identified the +7 dagger of the Scavenger {elec, *Rage
                  | rCorr Dex+2 SInv}
 87182 | Slime:5  | Got Joares's Catalogue of Coarse Soot
 87185 | Slime:5  | Identified the +8 orcbow "Qeep" {antimagic, Int+3 Stlth+}
 87759 | Zot:1    | Entered Level 1 of the Realm of Zot
 88014 | Zot:1    | Noticed an orb of fire
 88045 | Zot:1    | Killed an orb of fire
 88180 | Zot:1    | Identified the +4 spear of the Desert {flame, rElec Will+
                  | Stlth+}
 88181 | Zot:1    | Got the Omnibus of The Black Sun
 88808 | Zot:2    | Noticed an orb of fire
 88813 | Zot:2    | Killed an orb of fire
 89064 | Zot:2    | Found Ostizxyh's CLEARANCE SALE!.
 89752 | Zot:3    | Reached XP level 27. HP: 161/235 MP: 12/37
 89885 | Zot:3    | Identified the +5 flail of Responsibility {flame, *Noise
                  | rF+ Int+3}
 89906 | Zot:3    | Found the +4 dragonskin cloak
 89906 | Zot:3    | Noticed Tiamat
 89943 | Zot:3    | Reached skill level 10 in Evocations
 89975 | Zot:3    | Killed Tiamat
 91500 | Zot:4    | Found a runed translucent door.
 91501 | Zot:4    | Found a shimmering altar of Xom.
 91501 | Zot:4    | Noticed Qaniympis's ghost (veteran DgEE)
 91515 | Zot:4    | Killed Qaniympis's ghost
 91596 | Zot:4    | Identified the +0 ring mail of Analysis {Harm Will+ Int+2
                  | Dex-2}
 91702 | Zot:5    | Entered Level 5 of the Realm of Zot
 91823 | Zot:5    | Noticed a dread lich
 91838 | Zot:5    | Killed a dread lich
 91880 | Zot:5    | Noticed an orb of fire
 91881 | Zot:5    | Noticed an orb of fire
 91882 | Zot:5    | Noticed a dread lich
 91892 | Zot:5    | Killed an orb of fire
 91897 | Zot:5    | Lost mutation: You are robust. (+10% HP) [an orb of fire]
 91898 | Zot:5    | Killed an orb of fire
 91904 | Zot:5    | Paralysed by something for 3 turns
 91907 | Zot:5    | Noticed an ancient lich
 91908 | Zot:5    | Found a transporter.
 91986 | Zot:5    | Noticed a dread lich
 91994 | Zot:5    | Killed a dread lich
 92086 | Zot:5    | Killed an ancient lich
 92089 | Zot:5    | Noticed an orb of fire
 92096 | Zot:5    | Killed an orb of fire
 92127 | Zot:5    | Killed a dread lich
 92198 | Zot:5    | Noticed a dread lich
 92199 | Zot:5    | Noticed an ancient lich
 92205 | Zot:5    | Killed an ancient lich
 92206 | Zot:5    | Gained mutation: You have hidden genetic defects.
                  | [mutagenic glow]
 92218 | Zot:5    | Killed a dread lich
 92221 | Zot:5    | Gained mutation: You are frail. (-10% HP) [mutagenic glow]
 92242 | Zot:5    | Lost mutation: You are frail. (-10% HP) [potion of
                  | mutation]
 92242 | Zot:5    | Lost mutation: You occasionally lose the ability to drink
                  | potions when taking damage. [potion of mutation]
 92242 | Zot:5    | Gained mutation: You are robust. (+10% HP) [potion of
                  | mutation]
 92242 | Zot:5    | Gained mutation: You are partially covered in iridescent
                  | scales. (AC +2) [potion of mutation]
 92304 | Zot:5    | Noticed a dread lich
 92309 | Zot:5    | Killed a dread lich
 92414 | Zot:5    | Gained mutation: You occasionally lose the ability to drink
                  | potions when taking damage. [hidden defects]
 92418 | Zot:5    | Lost mutation: You are partially covered in iridescent
                  | scales. (AC +2) [potion of mutation]
 92418 | Zot:5    | Lost mutation: You have hidden genetic defects. [potion of
                  | mutation]
 92418 | Zot:5    | Gained mutation: You are partially covered in iridescent
                  | scales. (AC +2) [potion of mutation]
 92418 | Zot:5    | Gained mutation: You are mostly covered in iridescent
                  | scales. (AC +4) [potion of mutation]
 92418 | Zot:5    | Gained mutation: Your mind is acute. (Int +4, Str/Dex -1)
                  | [potion of mutation]
 93036 | Zot:5    | Bought a scroll of acquirement for 780 gold pieces
 93036 | Zot:5    | Bought a scroll of blinking for 112 gold pieces
 93038 | Zot:5    | Acquired the +3 Elemental Staff {rElec rF+ rC+ AC+3}
 93038 | Zot:5    | Found the +3 Elemental Staff {rElec rF+ rC+ AC+3}
 93041 | Zot:5    | Upgraded the game from 0.31-a0-117-g42d8f58691 to
                  | 0.31-a0-128-g25add195a6
 93402 | Crypt:1  | Entered Level 1 of the Crypt
 93498 | Crypt:1  | Noticed Boris
 93504 | Crypt:1  | Killed Boris
 93645 | Crypt:1  | Noticed Xtahua
 93653 | Crypt:1  | Killed Xtahua
 93776 | Crypt:1  | Noticed a royal mummy
 93776 | Crypt:1  | Noticed Khufu
 93778 | Crypt:1  | Noticed a royal mummy
 93984 | Crypt:1  | Killed a royal mummy
 94002 | Crypt:1  | Killed Khufu
 94006 | Crypt:1  | Killed a royal mummy
 94291 | Crypt:1  | Reached skill level 27 in Fighting
 94951 | Crypt:2  | Noticed Bai Suzhen
 94963 | Crypt:2  | Killed Bai Suzhen
 95183 | Crypt:3  | Entered Level 3 of the Crypt
 95608 | Crypt:3  | Noticed Jory
 95614 | Crypt:3  | Killed Jory
 95679 | Crypt:3  | Found a basalt altar of Yredelemnul.
 95899 | Crypt:3  | Identified the staff of conjuration "Nudyfol" {rElec rF+
                  | Stlth+}
 96186 | Crypt:3  | Noticed a royal mummy
 96202 | Crypt:3  | Killed a royal mummy
 96295 | Crypt:3  | Found a staircase to the Tomb.
 97285 | Depths:1 | Voluntarily entered the Abyss.
 97553 | Abyss:2  | Found a corrupted altar of Lugonu.
 97564 | Abyss:2  | Found a corrupted altar of Lugonu.
 97564 | Abyss:2  | Found a corrupted altar of Lugonu.
 98062 | Abyss:3  | Found a corrupted altar of Lugonu.
 98063 | Abyss:3  | Found a corrupted altar of Lugonu.
 98197 | Abyss:3  | Got an abyssal rune of Zot
 98380 | Abyss:3  | Paralysed by accursed screaming for 1 turns
 98408 | Abyss:3  | Found an ornate altar of the Wu Jian Council.
 98517 | Abyss:3  | Reached skill level 27 in Ranged Weapons
 98575 | Abyss:3  | Reached skill level 10 in Stealth
 98607 | Abyss:3  | Found a corrupted altar of Lugonu.
 98612 | Abyss:3  | Found a corrupted altar of Lugonu.
 98969 | Abyss:4  | Found a corrupted altar of Lugonu.
 99221 | Abyss:4  | Reached skill level 15 in Stealth
 99239 | Depths:1 | Escaped the Abyss
 99310 | Depths:1 | Bought a manual of Spellcasting for 1120 gold pieces
 99310 | Depths:1 | Bought a book of Spectacle for 560 gold pieces
 99370 | Pan      | Entered Pandemonium
 99459 | Pan      | Noticed Ignacio
 99472 | Pan      | Killed Ignacio
 99488 | Pan      | Identified the +9 war axe of True Grit {drain, Fragile rF+
                  | Str+6}
 99499 | Pan      | Noticed Xufahuk the pandemonium lord
 99510 | Pan      | Killed Xufahuk the pandemonium lord
 99672 | Pan      | Got a demonic rune of Zot
 99718 | Pan      | Noticed Ompasi the pandemonium lord
 99732 | Pan      | Found an exit through the horrors of the Abyss.
 99751 | Pan      | Noticed Mennas
 99764 | Pan      | Killed Mennas
 99794 | Pan      | Learned a level 1 spell: Apportation
 99795 | Pan      | Took an exit into the Abyss.
 99795 | Abyss:4  | Escaped into the Abyss
 99795 | Abyss:4  | Found a corrupted altar of Lugonu.
100200 | Abyss:5  | Gained mutation: You are clumsy. (Dex -2) [a neqoxec]
100209 | Abyss:5  | Paralysed by accursed screaming for 1 turns
100257 | Depths:1 | Escaped the Abyss
100312 | Pan      | Entered Pandemonium
100452 | Pan      | Noticed Sizuphoa the pandemonium lord
100488 | Pan      | Killed Sizuphoa the pandemonium lord
100797 | Pan      | Reached skill level 10 in Translocations
100802 | Pan      | Noticed Tuoxkedi the pandemonium lord
100851 | Pan      | Killed Tuoxkedi the pandemonium lord
100912 | Pan      | Found an exit through the horrors of the Abyss.
100997 | Pan      | Identified the staff of earth "Tyopafem" {rPois rN+ Str+3
                  | SInv}
101019 | Pan      | Identified the +9 orcbow "Fealyrgh" {flame, Dex+2}
101120 | Pan      | Gained mutation: Your mind is very acute. (Int +8, Str/Dex
                  | -2) [a cacodemon]
101414 | Pan      | Entered the realm of Mnoleg.
101593 | Pan      | Found an exit through the horrors of the Abyss.
101715 | Pan      | Got the Almanac of Shadows
101975 | Pan      | Gained mutation: You occasionally lose the ability to read
                  | scrolls when taking damage. [a neqoxec]
102007 | Pan      | Noticed Mnoleg
102027 | Pan      | Killed Mnoleg
102077 | Pan      | Got a glowing rune of Zot
102344 | Pan      | Entered the realm of Cerebov.
102407 | Pan      | Lost mutation: You are clumsy. (Dex -2) [potion of
                  | mutation]
102407 | Pan      | Lost mutation: You are mostly covered in iridescent scales.
                  | (AC +4) [potion of mutation]
102407 | Pan      | Lost mutation: You are partially covered in iridescent
                  | scales. (AC +2) [potion of mutation]
102407 | Pan      | Gained mutation: One of your tentacles bears a spike.
                  | [potion of mutation]
102407 | Pan      | Gained mutation: Your flesh is cold resistant. (rC+)
                  | [potion of mutation]
102407 | Pan      | Gained mutation: One of your tentacles bears a nasty spike.
                  | [potion of mutation]
102408 | Pan      | Lost mutation: You occasionally lose the ability to drink
                  | potions when taking damage. [potion of mutation]
102408 | Pan      | Lost mutation: Your mind is very acute. (Int +8, Str/Dex
                  | -2) [potion of mutation]
102408 | Pan      | Lost mutation: Your mind is acute. (Int +4, Str/Dex -1)
                  | [potion of mutation]
102408 | Pan      | Gained mutation: Your magical capacity is low. (-10% MP)
                  | [potion of mutation]
102408 | Pan      | Gained mutation: Potions are less effective at restoring
                  | your health. [potion of mutation]
102408 | Pan      | Gained mutation: Your flesh is very cold resistant. (rC++)
                  | [potion of mutation]
102409 | Pan      | Lost mutation: One of your tentacles bears a nasty spike.
                  | [potion of mutation]
102409 | Pan      | Lost mutation: You occasionally lose the ability to read
                  | scrolls when taking damage. [potion of mutation]
102409 | Pan      | Gained mutation: You are weak. (Str -2) [potion of
                  | mutation]
102409 | Pan      | Gained mutation: You do not regenerate when monsters are
                  | visible. [potion of mutation]
102409 | Pan      | Gained mutation: You are partially covered in large bone
                  | plates. (SH +4) [potion of mutation]
102410 | Pan      | Lost mutation: You are robust. (+10% HP) [potion of
                  | mutation]
102410 | Pan      | Lost mutation: You are partially covered in large bone
                  | plates. (SH +4) [potion of mutation]
102410 | Pan      | Gained mutation: You possess an exceptional clarity of
                  | mind. [potion of mutation]
102410 | Pan      | Gained mutation: Your mind is acute. (Int +4, Str/Dex -1)
                  | [potion of mutation]
102658 | Pan      | Found the +6 sword of Cerebov {flame}
102658 | Pan      | Noticed Cerebov
102801 | Pan      | Lost mutation: You possess an exceptional clarity of mind.
                  | [potion of mutation]
102801 | Pan      | Lost mutation: You do not regenerate when monsters are
                  | visible. [potion of mutation]
102801 | Pan      | Lost mutation: Potions are less effective at restoring your
                  | health. [potion of mutation]
102801 | Pan      | Gained mutation: You are agile. (Dex +4, Str/Int -1)
                  | [potion of mutation]
103614 | Pan      | Identified the +4 plate armour "Iwkes" {Dex+4}
103627 | Pan      | Learned a level 8 spell: Necromutation
103631 | Pan      | Learned a level 3 spell: Vampiric Draining
103811 | Pan      | Identified the amulet of Oddemneti {RegenMP Str+5 Dex+5}
103812 | Pan      | Identified the +10 rapier of Duelehov {freeze, rF+ rC+}
104061 | Pan      | Killed Cerebov
104062 | Pan      | Reached skill level 1 in Transmutations
104134 | Pan      | Got a fiery rune of Zot
104435 | Pan      | Found an exit through the horrors of the Abyss.
104585 | Pan      | Found a transporter.
104933 | Pan      | Found a transporter.
105429 | Pan      | Identified the ring "Zingael" {rF+ rCorr}
105443 | Pan      | Identified the ring "Lasch" {Fly Int+4 Slay+5 Stlth+}
105448 | Pan      | Acquired the +1 hat "Xuacen" {Str+4 Dex+4}
105534 | Pan      | Entered the realm of Lom Lobon.
105749 | Pan      | Found an exit through the horrors of the Abyss.
106556 | Pan      | Noticed Lom Lobon
106573 | Pan      | Killed Lom Lobon
106574 | Pan      | Reached skill level 15 in Spellcasting
106574 | Pan      | Reached skill level 5 in Transmutations
106627 | Pan      | Got a magical rune of Zot
106730 | Pan      | Found a runed translucent door.
106825 | Pan      | Found a runed translucent door.
106832 | Pan      | Found a runed translucent door.
106973 | Pan      | Found a runed translucent door.
106977 | Pan      | Noticed Uwuatwoa the pandemonium lord
107355 | Pan      | Killed Uwuatwoa the pandemonium lord
107436 | Pan      | Noticed Sedeluo the pandemonium lord
107444 | Pan      | Killed Sedeluo the pandemonium lord
107488 | Pan      | Identified the +7 dire flail "Woohupihyu" {freeze, rCorr
                  | MP-9 Str+3 Int+3}
107637 | Pan      | Found an exit through the horrors of the Abyss.
107966 | Pan      | Found an exit through the horrors of the Abyss.
108152 | Pan      | Identified the +4 mace "Ceen" {flame, rN+}
108317 | Pan      | Entered the realm of Gloorx Vloq.
108601 | Pan      | Found an exit through the horrors of the Abyss.
109325 | Pan      | Noticed Gloorx Vloq
109334 | Pan      | Killed Gloorx Vloq
109335 | Pan      | Reached skill level 10 in Transmutations
109350 | Pan      | Got a dark rune of Zot
109434 | Pan      | Took an exit into the Abyss.
109434 | Abyss:6  | Escaped into the Abyss
109441 | Abyss:7  | Entered Level 7 of the Abyss
109441 | Abyss:7  | Found a corrupted altar of Lugonu.
109442 | Abyss:7  | Noticed a dread lich
109445 | Abyss:7  | Killed a dread lich
109450 | Abyss:7  | Reached skill level 27 in Stealth
109476 | Depths:1 | Escaped the Abyss
109768 | Tomb:1   | Entered Level 1 of the Tomb of the Ancients
109925 | Tomb:1   | Noticed a royal mummy
109932 | Tomb:1   | Killed a royal mummy
110192 | Tomb:1   | Noticed Boris
110201 | Tomb:1   | Killed Boris
110828 | Tomb:2   | Noticed a royal mummy
110828 | Tomb:2   | Noticed a royal mummy
110828 | Tomb:2   | Noticed a royal mummy
110831 | Tomb:2   | Noticed a royal mummy
110848 | Tomb:2   | Killed a royal mummy
110860 | Tomb:2   | Killed a royal mummy
110903 | Tomb:2   | Killed a royal mummy
110990 | Tomb:2   | Killed a royal mummy
111396 | Tomb:1   | Noticed a royal mummy
111404 | Tomb:1   | Killed a royal mummy
111404 | Tomb:1   | Noticed a royal mummy
111411 | Tomb:1   | Killed a royal mummy
111461 | Tomb:1   | Noticed a royal mummy
111471 | Tomb:1   | Noticed a royal mummy
111473 | Tomb:1   | Killed a royal mummy
111479 | Tomb:1   | Killed a royal mummy
111556 | Tomb:1   | Noticed a royal mummy
111564 | Tomb:1   | Killed a royal mummy
111585 | Tomb:1   | Noticed a royal mummy
111596 | Tomb:1   | Noticed a royal mummy
111598 | Tomb:1   | Killed a royal mummy
111598 | Tomb:1   | Noticed a royal mummy
111599 | Tomb:1   | Noticed a royal mummy
111600 | Tomb:1   | Noticed a royal mummy
111609 | Tomb:1   | Killed a royal mummy
111613 | Tomb:1   | Killed a royal mummy
111620 | Tomb:1   | Killed a royal mummy
111688 | Tomb:1   | Killed a royal mummy
111752 | Tomb:2   | Gained mutation: You occasionally lose the ability to read
                  | scrolls when taking damage. [mutagenic glow]
111785 | Tomb:2   | Lost mutation: You are agile. (Dex +4, Str/Int -1)
                  | [mutagenic glow]
111900 | Tomb:3   | Entered Level 3 of the Tomb of the Ancients
111921 | Tomb:3   | Noticed a royal mummy
111929 | Tomb:3   | Killed a royal mummy
111936 | Tomb:3   | Noticed a royal mummy
111958 | Tomb:3   | Killed a royal mummy
111967 | Tomb:3   | Reached skill level 15 in Transmutations
111967 | Tomb:3   | Noticed a royal mummy
111972 | Tomb:3   | Noticed a royal mummy
111995 | Tomb:3   | Killed a royal mummy
112001 | Tomb:3   | Killed a royal mummy
112028 | Tomb:3   | Noticed a royal mummy
112042 | Tomb:3   | Killed a royal mummy
112051 | Tomb:3   | Noticed a royal mummy
112068 | Tomb:3   | Killed a royal mummy
112068 | Tomb:3   | Noticed a royal mummy
112084 | Tomb:3   | Killed a royal mummy
112277 | Tomb:3   | Reached skill level 15 in Evocations
112323 | Tomb:3   | Noticed a royal mummy
112332 | Tomb:3   | Killed a royal mummy
112631 | Tomb:3   | Found the +5 scythe "Finisher" {speed, execute}
112646 | Tomb:3   | Identified the +10 mace of Acwiet {freeze, rF- rN+ rCorr
                  | Dex+3}
112784 | Tomb:3   | Got a golden rune of Zot
113272 | Dis:1    | Entered Level 1 of the Iron City of Dis
114879 | Dis:7    | Entered Level 7 of the Iron City of Dis
116334 | Dis:7    | Identified the ring of Harop {Fly rPois rF+}
116336 | Dis:7    | Identified the +6 long sword of the Hills {holy, *Corrode
                  | rC+ Dex+3}
116341 | Dis:7    | Identified the +4 battleaxe of Laceration {heavy, Will++
                  | rCorr Str-5 Int+2}
116399 | Dis:7    | Identified the ring of Ymiz {rC- Will+ Str+6 Dex+3}
116402 | Dis:7    | Identified the +11 shortbow "Kuteunisk" {speed, rC+ Str+4}
116431 | Dis:7    | Noticed Dispater
116458 | Dis:7    | Killed Dispater
116458 | Dis:7    | Gained mutation: You occasionally lose the ability to drink
                  | potions when taking damage. [a cacodemon]
116476 | Dis:7    | Lost mutation: Your spells are a little harder to cast, but
                  | a little more powerful. [potion of mutation]
116476 | Dis:7    | Lost mutation: Your magical capacity is low. (-10% MP)
                  | [potion of mutation]
116476 | Dis:7    | Lost mutation: Your mind is acute. (Int +4, Str/Dex -1)
                  | [potion of mutation]
116476 | Dis:7    | Gained mutation: You sometimes lose the ability to drink
                  | potions when taking damage. [potion of mutation]
116476 | Dis:7    | Lost mutation: You are weak. (Str -2) [potion of mutation]
116477 | Dis:7    | Lost mutation: You occasionally lose the ability to read
                  | scrolls when taking damage. [potion of mutation]
116477 | Dis:7    | Lost mutation: One of your tentacles bears a spike. [potion
                  | of mutation]
116477 | Dis:7    | Lost mutation: Your flesh is very cold resistant. (rC++)
                  | [potion of mutation]
116477 | Dis:7    | Gained mutation: Your spells are a little harder to cast,
                  | but a little more powerful. [potion of mutation]
116477 | Dis:7    | Gained mutation: You have an increased reservoir of magic.
                  | (+10% MP) [potion of mutation]
116575 | Dis:7    | Got an iron rune of Zot
116982 | Coc:1    | Entered Level 1 of Cocytus
118124 | Coc:5    | Reached skill level 27 in Evocations
118782 | Coc:7    | Entered Level 7 of Cocytus
119271 | Coc:7    | Identified the amulet of Voywahecoi {Acrobat Str-3 Int+3
                  | Dex+3}
119272 | Coc:7    | Identified the staff of poison "Nymuuwn" {Fly rPois MP+9}
119384 | Coc:7    | Noticed the Serpent of Hell
119536 | Coc:7    | Killed the Serpent of Hell
120048 | Coc:7    | Noticed Antaeus
120073 | Coc:7    | Killed Antaeus
120103 | Coc:7    | Got an icy rune of Zot
120104 | Coc:7    | Identified the +9 trident of Eplent {elec, Int+6}
120106 | Coc:7    | Identified the +11 dagger "Iczipt" {heavy, Fly Will++
                  | rCorr}
120109 | Coc:7    | Got the Textbook on the Legion
120300 | Tar:1    | Entered Level 1 of Tartarus
120782 | Tar:3    | Noticed a juggernaut
120790 | Tar:3    | Killed a juggernaut
120808 | Tar:3    | Noticed a juggernaut
120816 | Tar:3    | Killed a juggernaut
120835 | Tar:3    | Noticed a juggernaut
120840 | Tar:3    | Killed a juggernaut
121764 | Tar:7    | Entered Level 7 of Tartarus
122892 | Tar:7    | Got Cipsonti's Directory of Searing Abominable Liturgies
122896 | Tar:7    | Identified the +2 cloak of Nuic {rF+ Str+3}
123625 | Tar:7    | Identified the +3 sling "Wyados" {speed, Int+3}
123628 | Tar:7    | Identified the +0 sling "Eticu" {freeze, Fly rPois Will-}
123954 | Tar:7    | Noticed Ereshkigal
123990 | Tar:7    | Killed Ereshkigal
124034 | Tar:7    | Found the +8 demon trident "Rift" {distort, reach+}
124039 | Tar:7    | Identified the staff of cold "Vunil" {rC+ MP+9}
124040 | Tar:7    | Identified the ring of Kiabo {Fire rPois Str+2 Dex+3}
124043 | Tar:7    | Got a bone rune of Zot
124046 | Tar:7    | Identified the staff of poison "Zabytyuh" {Drain rElec
                  | rPois rC+ rCorr}
124243 | Geh:1    | Entered Level 1 of Gehenna
126427 | Geh:5    | Reached skill level 27 in Spellcasting
126432 | Geh:5    | Reached skill level 1 in Earth Magic
126745 | Geh:6    | Reached skill level 5 in Earth Magic
126950 | Geh:7    | Entered Level 7 of Gehenna
127375 | Geh:7    | Reached skill level 10 in Earth Magic
127500 | Geh:7    | Found the +13 sceptre of Asmodeus
127500 | Geh:7    | Noticed Asmodeus
127675 | Geh:7    | Identified the staff of air "Qaraes" {rElec Str+4 Dex+3
                  | SInv}
127678 | Geh:7    | Identified the staff of cold "Nonu" {rPois rC+ Str+2 Int+3}
127695 | Geh:7    | Learned a level 9 spell: Shatter
127727 | Geh:7    | Killed Asmodeus
127745 | Geh:7    | Got an obsidian rune of Zot
128349 | Depths:1 | Voluntarily entered the Abyss.
128349 | Abyss:7  | Entered Level 7 of the Abyss
128400 | Abyss:7  | Found a corrupted altar of Lugonu.
128426 | Abyss:7  | Noticed an ancient lich
128435 | Abyss:7  | Noticed a dread lich
128480 | Abyss:7  | Killed an ancient lich
128493 | Abyss:7  | Killed a dread lich
128606 | Abyss:7  | Reached skill level 15 in Earth Magic
128693 | Abyss:7  | Noticed a dread lich
128718 | Depths:1 | Escaped the Abyss
128924 | Depths:1 | Upgraded the game from 0.31-a0-128-g25add195a6 to
                  | 0.31-a0-133-gaae73658be
129039 | Zig:1    | Entered Level 1 of a ziggurat
129061 | Zig:2    | Entered Level 2 of a ziggurat
129103 | Zig:3    | Entered Level 3 of a ziggurat
129155 | Zig:4    | Entered Level 4 of a ziggurat
129186 | Zig:4    | Got the Book of Translocational Alteration
129198 | Zig:5    | Entered Level 5 of a ziggurat
129263 | Zig:6    | Entered Level 6 of a ziggurat
129316 | Zig:6    | Identified the ring "Xaewkofi" {rF+ rC+}
129356 | Zig:7    | Entered Level 7 of a ziggurat
129438 | Zig:7    | Identified the +2 war axe of Eternal Night {flame, rN+
                  | Int+2}
129440 | Zig:7    | Identified the staff of death "Sism" {rF+ rN+ Str+10 Int-2
                  | Dex-2}
129454 | Zig:8    | Entered Level 8 of a ziggurat
129467 | Zig:8    | Noticed an ancient lich
129467 | Zig:8    | Found the amulet of the Air {Inacc Air Fly rElec RMsl}
129488 | Zig:8    | Killed an ancient lich
129540 | Zig:9    | Entered Level 9 of a ziggurat
129644 | Zig:9    | Identified the +7 plate armour "Fovve" {Will+ Regen+}
129648 | Zig:10   | Entered Level 10 of a ziggurat
129740 | Zig:10   | Identified the amulet "Waheklue" {Reflect *Slow Int+3 Dex+5
                  | SH+5 Stlth-}
129762 | Zig:11   | Entered Level 11 of a ziggurat
129768 | Zig:11   | Noticed a royal mummy
129781 | Zig:11   | Noticed a royal mummy
129789 | Zig:11   | Killed a royal mummy
129790 | Zig:11   | Noticed a royal mummy
129795 | Zig:11   | Killed a royal mummy
129800 | Zig:11   | Killed a royal mummy
129921 | Zig:11   | Identified the ring "Texica" {Slay+3 SInv}
129932 | Zig:11   | Identified the staff of fire "Ared" {rElec rF+ rC++ Int-2
                  | SInv}
129956 | Zig:12   | Entered Level 12 of a ziggurat
129973 | Zig:12   | Noticed a juggernaut
129975 | Zig:12   | Noticed a juggernaut
129994 | Zig:12   | Killed a juggernaut
130002 | Zig:12   | Killed a juggernaut
130110 | Zig:12   | Identified the ring "Sypoacag" {Ice rPois rN+ Stlth-}
130116 | Zig:12   | Identified the +2 orcbow of Cuple {freeze, rF+}
130124 | Zig:13   | Entered Level 13 of a ziggurat
130148 | Zig:13   | Noticed Rewnot the pandemonium lord
130154 | Zig:14   | Entered Level 14 of a ziggurat
130333 | Zig:14   | Identified the +1 quarterstaff of Pain and Death {holy,
                  | Int-4 Dex+5}
130350 | Zig:14   | Identified the ring of Dejoicot {rC+ rCorr Str-3 Int+6}
130383 | Zig:15   | Entered Level 15 of a ziggurat
130585 | Zig:15   | Identified the +6 scale mail of Baontyih {rN++ rCorr Dex-2
                  | SInv}
130591 | Zig:16   | Entered Level 16 of a ziggurat
130729 | Zig:16   | Identified the +9 short sword "Vonouh Muur" {heavy, +Blink
                  | Dex+6 Stlth-}
130735 | Zig:16   | Identified the ring of Wet Guel {Fire rElec Will+ Int-5}
130748 | Zig:16   | Identified the +8 long sword "Concordance" {venom, Dex+3}
130752 | Zig:16   | Got the Omnibus of Assembling
130753 | Zig:16   | Identified the ring of Xom's Best Wishes {rPois rN+ Stlth+}
130754 | Zig:16   | Identified the ring "Nuritsavux" {Wiz *Corrode rElec rPois
                  | rF+}
130765 | Zig:16   | Identified the +9 quarterstaff of Zeczi {flame, rN+ Str+3
                  | Int-4 Dex+5}
130818 | Zig:17   | Entered Level 17 of a ziggurat
130992 | Zig:17   | Identified the +4 hand axe "Nirphila" {freeze, Fly rPois
                  | Str-2 Int+6}
130993 | Zig:17   | Identified the +5 orcbow "Impslayer" {drain, Contam rF+
                  | Dex+2}
130994 | Zig:17   | Identified the staff of death "Witann" {rElec rPois rN+
                  | Dex-3 SInv}
131055 | Zig:18   | Entered Level 18 of a ziggurat
131073 | Zig:18   | Noticed a dread lich
131073 | Zig:18   | Noticed a dread lich
131073 | Zig:18   | Noticed a dread lich
131081 | Zig:18   | Noticed an ancient lich
131087 | Zig:18   | Killed a dread lich
131102 | Zig:18   | Noticed an ancient lich
131105 | Zig:18   | Killed an ancient lich
131108 | Zig:18   | Noticed an ancient lich
131114 | Zig:18   | Killed an ancient lich
131115 | Zig:18   | Killed an ancient lich
131126 | Zig:18   | Killed a dread lich
131142 | Zig:18   | Killed a dread lich
131184 | Zig:18   | Identified the +4 halberd of Siopt {freeze, rF++ rC-
                  | Stlth+}
131189 | Zig:18   | Identified the ring "Ronops" {rElec rPois}
131281 | Zig:19   | Entered Level 19 of a ziggurat
131301 | Zig:19   | Noticed an ancient lich
131332 | Zig:19   | Killed an ancient lich
131350 | Zig:19   | Identified the +11 whip of Doibinat {freeze, rF++}
131351 | Zig:19   | Identified the orb "Daemeos" {*Rage, Int+2 Dex+3}
131364 | Zig:19   | Identified the ring of Jome {rN+ Will+ Int+4 Dex+3 Stlth+}
131390 | Zig:19   | Identified the staff of cold "Qophawaa" {rC+ rCorr SInv}
131392 | Zig:19   | Identified the ring of Itogeho {rPois rN+ Dex+6 Slay+2
                  | Stlth+}
131491 | Zig:20   | Entered Level 20 of a ziggurat
131528 | Zig:20   | Noticed Desogav the pandemonium lord
131619 | Zig:20   | Killed Desogav the pandemonium lord
131796 | Zig:20   | Identified the ring of Zadghol {rCorr Int+5 Dex-2}
131804 | Zig:20   | Identified the +7 chain mail of the Everdark {rC+ rN+}
131823 | Zig:20   | Learned a level 8 spell: Ignition
131826 | Zig:21   | Entered Level 21 of a ziggurat
131838 | Zig:21   | Noticed a royal mummy
131840 | Zig:21   | Noticed a royal mummy
131841 | Zig:21   | Noticed a royal mummy
131846 | Zig:21   | Noticed a royal mummy
131848 | Zig:21   | Noticed a royal mummy
131848 | Zig:21   | Noticed a royal mummy
131853 | Zig:21   | Noticed a royal mummy
131855 | Zig:21   | Killed a royal mummy
131855 | Zig:21   | Noticed a royal mummy
131857 | Zig:21   | Killed a royal mummy
131859 | Zig:21   | Killed a royal mummy
131859 | Zig:21   | Noticed a royal mummy
131862 | Zig:21   | Killed a royal mummy
131867 | Zig:21   | Killed a royal mummy
131870 | Zig:21   | Killed a royal mummy
131872 | Zig:21   | Killed a royal mummy
131876 | Zig:21   | Reached skill level 5 in Fire Magic
131881 | Zig:21   | Killed a royal mummy
131884 | Zig:21   | Killed a royal mummy
132075 | Zig:21   | Identified the +5 dagger of Jafyblai {freeze, rF+}
132080 | Zig:21   | Got the Octavo of Bombardment
132090 | Zig:21   | Identified the staff of cold "Pimonnan" {rC+ Stlth+}
132151 | Zig:22   | Entered Level 22 of a ziggurat
132172 | Zig:22   | Noticed a royal mummy
132172 | Zig:22   | Noticed a royal mummy
132172 | Zig:22   | Noticed a royal mummy
132172 | Zig:22   | Noticed a royal mummy
132172 | Zig:22   | Noticed a royal mummy
132178 | Zig:22   | Noticed a royal mummy
132179 | Zig:22   | Noticed a royal mummy
132179 | Zig:22   | Noticed a royal mummy
132180 | Zig:22   | Noticed a royal mummy
132181 | Zig:22   | Noticed a royal mummy
132181 | Zig:22   | Noticed a royal mummy
132181 | Zig:22   | Found the dreamshard necklace {Acrobat *Dream}
132183 | Zig:22   | Noticed a royal mummy
132183 | Zig:22   | Noticed a royal mummy
132183 | Zig:22   | Found the +8 trishula "Condemnation" {holy, anguish, *Noise
                  | Fly rN+}
132184 | Zig:22   | Killed a royal mummy
132188 | Zig:22   | Killed a royal mummy
132193 | Zig:22   | Killed a royal mummy
132193 | Zig:22   | Killed a royal mummy
132194 | Zig:22   | Killed a royal mummy
132200 | Zig:22   | Killed a royal mummy
132200 | Zig:22   | Killed a royal mummy
132200 | Zig:22   | Killed a royal mummy
132200 | Zig:22   | Killed a royal mummy
132207 | Zig:22   | Killed a royal mummy
132208 | Zig:22   | Killed a royal mummy
132210 | Zig:22   | Killed a royal mummy
132211 | Zig:22   | Reached skill level 27 in Earth Magic
132213 | Zig:22   | Killed a royal mummy
132310 | Zig:22   | Identified the +1 spear "Dragon's Funeral" {spect, Dex+3
                  | SInv}
132391 | Zig:22   | Identified the +0 robe of Wisdom {rF- Dex+6 Stlth-}
132397 | Zig:22   | Identified the staff of earth "Woaxyus" {rElec rN+ Dex-5}
132403 | Zig:22   | Identified the +0 war axe of Mutilation {protect, Str+4}
132414 | Zig:22   | Identified the amulet of Seneche {Reflect *Slow rElec rC+
                  | Dex+2 SH+5}
132522 | Zig:23   | Entered Level 23 of a ziggurat
132556 | Zig:23   | Reached skill level 10 in Fire Magic
132609 | Zig:23   | Found the ring of the Hare {EV+10}
132609 | Zig:23   | Found the +8 storm bow {elec, penet}
132637 | Zig:23   | Identified the +8 arbalest of Turmoil {flame, +Blink rElec
                  | rF- Str-4}
132647 | Zig:23   | Identified the +4 sling "Uwe Laq" {elec, rElec rF+ rC+ rN+}
132659 | Zig:23   | Identified the +3 spear of Dishonour {heavy, rC+ Will++
                  | MP+9 Dex-5}
132662 | Zig:23   | Identified the +4 great sword of the Nurturing Badger
                  | {flame, +Blink rCorr Int+4}
132930 | Zig:23   | Reached skill level 15 in Fire Magic
132953 | Zig:24   | Entered Level 24 of a ziggurat
133116 | Zig:24   | Identified the +4 lajatang of the Ninety-Nine Loafs {heavy,
                  | rElec rC+ Int-5}
133124 | Zig:24   | Identified the amulet "Ocheukuf" {RegenMP Rampage Str-2
                  | Stlth+}
133139 | Zig:24   | Identified the +7 rapier "Wih Unoe" {heavy, rF+ rCorr SInv
                  | Stlth+}
133209 | Zig:25   | Entered Level 25 of a ziggurat
133488 | Zig:25   | Identified the +7 arbalest of Corruption {penet, rPois rC-
                  | Str+3}
133492 | Zig:25   | Identified the staff of earth "Vueshoy" {Will+ SInv}
133507 | Zig:25   | Identified the ring "Kiopyrin" {Fire rN+ rCorr Str-2 SInv}
133515 | Zig:25   | Identified the ring "Zaphash" {Wiz Dex+3 Stlth+}
133523 | Zig:25   | Identified the staff of conjuration "Westet" {SInv}
133524 | Zig:25   | Identified the +9 scale mail of Okawaru's Hope {rPois rF++
                  | Dex-5 SInv}
133541 | Zig:26   | Entered Level 26 of a ziggurat
133560 | Zig:26   | Noticed Aveeferakh the pandemonium lord
133566 | Zig:26   | Killed from afar by Aveeferakh the pandemonium lord

Illustrated notes

Levels and vault maps discovered:
D:1:      minmay_arrival_three_doors, layout_loops_ring
D:2:      layout_rooms, basic_altar, serial_park_tiny_2, minmay_lizard_pond
D:3:      layout_basic, serial_shops, shop, uniq_natasha
D:4:      layout_basic, nicolae_overflow_two_pavilions, ebering_ghost_sewer_f,
          uniq_grinder
D:5:      layout_basic, lightli_sewer_entry_pipes, uniq_edmund, uniq_pikel,
          uniq_eustachio
D:6:      layout_layer_cave, kiku_gazebo_pond_becter,
          minmay_temple_entry_statues_fountains, serial_demonic,
          serial_demonic_c, serial_demonic_e, serial_demonic_a, serial_demonic_c
D:7:      layout_basic, gammafunk_ghost_wrathful_warriors,
          nicolae_ossuary_entry_monument
D:8:      layout_basic, serial_park_tiny_2, minmay_misc_feat_doors
D:9:      layout_roguey, erik_lair_island, orc_david_3, minivault_21,
          minivault_1, minmay_ruined_shrine, uniq_erica
D:10:     layout_roguey, serial_shops, nicolae_shop_industrial_runoff,
          gammafunk_ghost_split, nicolae_specific_store, minivault_25,
          hangedman_abyss_or_decor_lesser_grid
D:11:     layout_long_grid, portal_ice_cave_entry_animals_and_master,
          chequers_serial_rivers_small_a, minmay_misc_feat_columns, uniq_snorg,
          uniq_urug
D:12:     layout_basic, minivault_22, evilmike_butchery, uniq_lodul,
          uniq_maurice
D:13:     layout_roguey, lightli_vaults_fourway_checkpoint
D:14:     layout_small_grid, doesnt_xom_only_xom, glass_columns_c,
          nicolae_shop_sticking_my_neck_out, uniq_rupert, uniq_louise
D:15:     grunt_enter_depths_hoard, layout_loops_ring,
          nicolae_looking_at_the_future, uniq_jorgrun, uniq_azrael
Temple:   hellmonk_temple_divided_pantheon
Lair:1:   layout_cave_shapes, beast_lair_carwin_11, uniq_joseph
Lair:2:   lemuel_ratsnest, layout_gridlike, minmay_shoals_entry_beasts,
          minmay_snake_entry_six_corridors, serial_bayou_shore_b
Lair:3:   layout_gridlike
Lair:4:   layout_roguey, grunt_megastairs_5, infiniplex_staircase_pool,
          uniq_josephine
Lair:5:   hellmonk_lair_end_abyssal_woods, layout_concentric_octagons,
          nicolae_slime_entry_field_trip, lemuel_fruit_fields
Shoals:1: layout_shoals
Shoals:2: layout_shoals, serial_shops, shop, uniq_polyphemus, uniq_roxanne
Shoals:3: layout_shoals, uniq_nikola
Shoals:4: shoals_end_hellmonk_lost_city
Snake:1:  layout_rooms, st_stairs_10, nicolae_shop_i_like_big_books,
          nicolae_snake_snakes_in_the_grass
Snake:2:  layout_rooms, serial_bayou_pond_e, uniq_asterion
Snake:3:  nicolae_cobra_stairs, layout_cave_town, uniq_aizul
Snake:4:  grunt_snake_rune_spirals, layout_onion_interference,
          nicolae_snake_single_loop
Slime:1:  cheibrodos_slime_lost_civilization_9, layout_caves
Slime:2:  layout_caves, cheibrodos_slime_lost_civilization_6
Slime:3:  layout_caves
Slime:4:  nicolae_slime_pool, layout_caves
Slime:5
Orc:1:    layout_diamond_mine, nicolae_orc_flooded_monolith
Orc:2:    st_orc_ogre_mass, layout_caves, ebering_ghost_reflecting_pool,
          serial_shops, nicolae_shop_just_a_little_nook, basic_altar
Elf:1:    eino_elf_arrival_shootout, layout_geoelf_octagon, serial_shops,
          nicolae_shop_waterfront, hangedman_elven_crosses_minicolossus
Elf:2:    nicolae_elf_blades_splatter_lattice [mumra_blade_entry_dagger],
          layout_geoelf_octagon, nicolae_elf_big_sculpture_3,
          hangedman_summoners_spam
Elf:3:    minmay_elf_hall_furrowed, layout_onion_city, serial_shops, shop,
          grunt_ministairs_11, chequers_hall_statues_wall_a, uniq_donald
Vaults:1: ontoclasm_vaults_decontamination, vaults_standard_mumra_x,
          nicolae_vaults_octagons, nicolae_vaults_double_plus_3, v_rooms_6,
          grunt_vaults_hallway_short, hangedman_vaults_stitches,
          hangedman_vaults_trim, hangedman_vaults_capsules,
          layout_vaults_omnibox
Vaults:2: nicolae_vaults_crenellated_ambush, vaults_room_grid,
          nicolae_vaults_alarming, nicolae_vaults_house_2,
          nicolae_vaults_tetromino_T_2, nicolae_vaults_wine_cellar,
          layout_vaults_quadrants, serial_shops, nicolae_shop_stone
Vaults:3: minmay_crypt_entry_necro_gods, nicolae_vaults_network_barrier,
          nicolae_vaults_apartment_1, hangedman_vaults_unwind,
          ontoclasm_vaults_spin, nicolae_vaults_tangram_1,
          nicolae_vaults_hexular_roomagon, nicolae_vaults_ring_of_whatevers,
          nicolae_vaults_ring_of_whatevers, st_diamondy, vaults_room_door_ring,
          layout_vaults_maze_snakey, serial_shops, shop
Vaults:4: nicolae_vaults_lopsided_apartments, v_pattern_1,
          nicolae_vaults_tetromino_L_1, grunt_vaults_diagonal,
          nicolae_vaults_storage_closets_2, nicolae_vaults_tetromino_Z_1,
          hangedman_vaults_snaps, grunt_vaults_twisty,
          nicolae_vaults_twisting_passages, vaults_dpeg_encased_lava,
          hangedman_vaults_locks, nicolae_vaults_diamond_1, v_misc_17,
          nicolae_vaults_tetromino_Z_2, layout_vaults_omnicross
Vaults:5
Crypt:1:  layout_gridlike, grunt_ministairs_5, item_on_display_b,
          grunt_crypt_arrival_split, uniq_josephina, uniq_khufu, uniq_xtahua,
          uniq_boris
Crypt:2:  layout_gridlike, uniq_bai_suzhen
Crypt:3:  evilmike_haunted_forest, uniq_jory
Tomb:1
Tomb:2
Tomb:3
Depths:1: layout_gridlike, serial_shops, shop, shop_scrolls, shop,
          nicolae_shop_temple_entry_statues_fountains, grunt_pan_entry_zigzag,
          hell_entry, serial_sigils, serial_sigils_hangedman_snap,
          serial_sigils_hangedman_writhe, serial_sigils_hangedman_stare,
          serial_sigils_hangedman_snap, serial_sigils_hangedman_snap,
          abyss_entry_crystal, patterned_corridor
Depths:2: nooodl_heptagram, layout_cave_pools, rand_demon_pan_entry_9,
          grunt_hell_entry_dis_grunt, abyss_entry
Depths:3: minmay_rotating_shell, layout_basic, hell_entry, abyss_entry,
          grunt_dithmenos_smoke_and_mirrors, serial_shops, kennysheep_mini
Depths:4: grunt_zot_entry_tricorne, layout_cave_shapes, enter_ziggurat_a,
          chequers_serial_rivers_micro_d, grunt_metal_band, drop_trap
Hell
Dis:1:    layout_jigsaw
Dis:2:    layout_subdivisions
Dis:3:    nicolae_dis_pentagon_1, layout_overlapping_boxes
Dis:4:    layout_subdivisions
Dis:5:    layout_jigsaw
Dis:6:    layout_subdivisions
Dis:7:    iron_city_of_dis [dis_grunt, dis_wall_3], layout_gridville
Geh:1:    layout_gehenna_lava_caves, lemuel_hellion_isle
Geh:2:    layout_gehenna_lava_caves
Geh:3:    layout_gehenna_lava_caves
Geh:4:    layout_gehenna_pools_box
Geh:5:    layout_gehenna_pools_basic
Geh:6:    layout_gehenna_pools_box
Geh:7:    geh_old
Coc:1:    nicolae_coc_icebeans_plural [nicolae_sub_coc_subbean,
          nicolae_sub_coc_subbean, nicolae_sub_coc_subbean,
          nicolae_sub_coc_subbean], layout_ice_bergs
Coc:2:    nicolae_coc_through_the_icewall, layout_cocytus_delve
Coc:3:    layout_cocytus_delve
Coc:4:    layout_cocytus_water_paths
Coc:5:    layout_cocytus_water_paths
Coc:6:    layout_cocytus_water_paths
Coc:7:    coc_grunt
Tar:1:    layout_grid_maze
Tar:2:    layout_grid_maze, nicolae_tar_spectre_spectrum
Tar:3:    nicolae_hells_titanomachy
Tar:4:    layout_grid_maze
Tar:5:    layout_grid_maze
Tar:6:    layout_honeycomb, nicolae_hells_seeping_fissure
Tar:7:    tar_minmay_river
Zot:1:    dreamdust_black_sun_cult, layout_onion_interference
Zot:2:    layout_concentric_octagons, nicolae_shop_clearance
Zot:3:    layout_gridville, uniq_tiamat
Zot:4:    layout_onion_interference, ebering_ghost_xom
Zot:5:    layout_misc_corridors, nicolae_diode_basic
Zig:26:   ziggurat_pillar_d, ziggurat_pillar_d, ziggurat_pillar_d,
          ziggurat_pillar_d

Skill      XL: |  1  2  3  4  5  6  7  8  9 10 11 12 13 14 15 16 17 18 19 20 21 22 23 24 25 26 27 |
---------------+----------------------------------------------------------------------------------+-----
Ranged Weapons | 5 6 7 8 9 11 13 14 16 18 19 20 27 | 27.0
Fighting       | 3 4 6 9 10 11 13 14 15 17 19 22 24 27 | 27.0
Evocations     | 2 6 9 27 | 27.0
Dodging        | 7 8 10 14 18 19 20 21 23 26 27 | 27.0
Stealth        | 3 5 27 | 27.0
Spellcasting   | 5 6 7 8 10 27 | 27.0
Necromancy     | 6 10 14 15 18 20 24 | 24.0
Translocations | 3 4 6 10 | 10.0
Hexes          | 3 4 6 |  6.0
Transmutations | 15 | 15.0
Earth Magic    | 27 | 27.0
Fire Magic     | 19 | 19.9

Action                     |  1- 3 |  4- 6 |  7- 9 | 10-12 | 13-15 | 16-18 | 19-21 | 22-24 | 25-27 || total
---------------------------+-------+-------+-------+-------+-------+-------+-------+-------+-------++-------
  Melee: Unarmed           |       |     9 |       |       |       |       |       |       |       ||     9
         Constrict         |       |     6 |    11 |    10 |       |       |       |       |       ||    27
         Tentacles         |       |     1 |    10 |    15 |       |       |       |       |       ||    26
         Dagger            |       |       |    43 |    44 |       |       |       |       |       ||    87
   Fire: Shortbow          |   104 |   124 |   419 |   705 |  1150 |  1393 |   291 |       |       ||  4186
         Longbow           |       |       |       |       |       |       |  1021 |  1382 | 10272 || 12675
         Orcbow            |       |       |       |       |       |       |    11 |       |       ||    11
   Cast: Death Channel     |       |       |       |       |       |     2 |     9 |    19 |    88 ||   118
         Portal Projectile |       |       |       |       |       |       |    12 |    24 |   112 ||   148
         Borgnjor's Vile C |       |       |       |       |       |       |       |     2 |    20 ||    22
         Dispel Undead     |       |       |       |       |       |       |       |     2 |     4 ||     6
         Apportation       |       |       |       |       |       |       |       |       |    97 ||    97
         Necromutation     |       |       |       |       |       |       |       |       |    91 ||    91
         Shatter           |       |       |       |       |       |       |       |       |    14 ||    14
         Ignition          |       |       |       |       |       |       |       |       |     2 ||     2
 Invoke: Call Merchant     |       |       |       |     1 |     4 |     1 |     2 |     3 |     8 ||    19
         Potion Petition   |       |       |       |       |       |       |       |       |    28 ||    28
  Evoke: Wand              |       |       |     8 |     1 |     8 |     1 |       |       |     6 ||    24
         Box of beasts     |       |       |       |       |     1 |     1 |       |       |     2 ||     4
         Phial of floods   |       |       |       |       |     1 |     1 |       |       |       ||     2
         Lightning rod     |       |       |       |       |       |     3 |       |       |       ||     3
         Phantom mirror    |       |       |       |       |       |     2 |       |       |     2 ||     4
         Condenser vane    |       |       |       |       |       |     1 |     1 |     1 |     1 ||     4
         Horn of Geryon    |       |       |       |       |       |       |       |       |     2 ||     2
    Use: Potion            |     2 |     3 |     2 |     6 |    10 |     3 |     1 |     2 |    25 ||    54
         Scroll            |       |     7 |    10 |    11 |    10 |    11 |     8 |     5 |    29 ||    91
   Stab: Sleeping          |       |       |     5 |       |       |       |       |       |       ||     5
         Distracted        |       |       |       |     1 |       |       |       |       |       ||     1
 Armour: Skin              |     5 |     2 |     5 |     3 |    14 |    21 |    10 |    24 |   156 ||   240
  Dodge: Dodged            |    47 |    23 |    80 |   157 |   397 |   917 |   474 |  1283 |  8368 || 11746

Table legend: (Time is in decaauts)
 A = Elapsed time spent in this place.
 B = Non-inter-level travel time spent in this place.
 C = Inter-level travel time spent in this place.
 D = Time resting spent in this place.
 E = Time spent auto-exploring this place.
 F = Levels seen in this place.
 G = Mean time per level.
                   A        B        C        D        E       F      G
               +--------+--------+--------+--------+--------+-----+--------+
         Total | 129796 | 122324 |   7472 |  40510 |  52162 | 141 |  920.5 |
       Dungeon |  22894 |  20800 |   2094 |   8394 |   8636 |  15 | 1526.3 |
        Temple |     59 |     41 |     18 |      0 |     24 |   1 |   59.0 |
          Lair |  12152 |  11525 |    627 |   6294 |   3399 |   5 | 2430.4 |
        Shoals |   6350 |   5983 |    367 |   1748 |   3145 |   4 | 1587.5 |
     Snake Pit |   8684 |   8368 |    316 |   4434 |   2477 |   4 | 2171.0 |
    Slime Pits |   3617 |   3504 |    113 |   2579 |    353 |   5 |  723.4 |
  Orcish Mines |   4949 |   4663 |    286 |   2892 |   1089 |   2 | 2474.5 |
   Elven Halls |  10346 |  10127 |    219 |   6876 |   2275 |   3 | 3448.7 |
        Vaults |   7873 |   7194 |    679 |    764 |   4740 |   5 | 1574.6 |
         Crypt |   3730 |   3240 |    490 |    129 |   2141 |   3 | 1243.3 |
          Tomb |   3019 |   2725 |    294 |    174 |   1324 |   3 | 1006.3 |
        Depths |   6056 |   5336 |    720 |    487 |   3391 |   4 | 1514.0 |
          Hell |   1714 |   1610 |    104 |    707 |    346 |   1 | 1714.0 |
           Dis |   3323 |   3123 |    200 |    188 |   1649 |   7 |  474.7 |
       Gehenna |   2968 |   2696 |    272 |     87 |   1624 |   7 |  424.0 |
       Cocytus |   3050 |   2892 |    158 |     97 |   1886 |   7 |  435.7 |
      Tartarus |   3659 |   3468 |    191 |      0 |   2470 |   7 |  522.7 |
           Zot |   5143 |   4826 |    317 |    560 |   2999 |   5 | 1028.6 |
         Abyss |   2670 |   2670 |      0 |    314 |    135 |  10 |  267.0 |
   Pandemonium |   9038 |   9038 |      0 |    436 |   5931 |  14 |  645.6 |
      Ziggurat |   4292 |   4292 |      0 |    221 |   1889 |  26 |  165.1 |
         Sewer |    380 |    380 |      0 |    264 |     42 |   1 |  380.0 |
       Ossuary |    243 |    243 |      0 |      0 |    144 |   1 |  243.0 |
      Ice Cave |   3577 |   3577 |      0 |   2860 |     51 |   1 | 3577.0 |
               +--------+--------+--------+--------+--------+-----+--------+

Top non-repeatable levels by time:
   Elf:3: 6394 daAuts
    D:15: 6335 daAuts
  Lair:5: 5623 daAuts
 Snake:4: 3936 daAuts
   Orc:2: 3621 daAuts
   IceCv: 3577 daAuts
   Elf:2: 3141 daAuts
Vaults:4: 2907 daAuts
 Slime:5: 2647 daAuts
Shoals:4: 2483 daAuts
Depths:1: 2336 daAuts
   Tar:7: 2301 daAuts
  Lair:3: 2047 daAuts
 Snake:1: 2020 daAuts
    D:13: 1944 daAuts
